 Dungeon Crawl Stone Soup version 0.31-a0-868-g674d60d6f7 (webtiles) character file.

Game seed: 15149455344277665258

4112473 MackTheKnife the Skinwalker (level 27, 239/239 HPs)
             Began as a Green Draconian Chaos Knight on Oct 11, 2023.
             Was a High Priest of Hepliaklqana.
             Escaped with the Orb
             ... and 6 runes!
             The game lasted 02:46:41 (72513 turns).

MackTheKnife the Skinwalker (DrCK)                 Turns: 72513, Time: 02:46:42

Health: 239/239    AC: 21    Str: 16 (19) XL:     27
Magic:  46/46      EV: 31    Int: 22 (24) God:    Hepliaklqana [*****.]
Gold:   7509       SH: 20    Dex: 23 (25) Spells: 16/46 levels left

rFire   + + .        a - +8 autumn katana {manifold assault}
rCold   + + +        Z - +5 kite shield {reflect}
rNeg    + + +        (body armour unavailable)
rPois   ∞            N - +2 hat {Int+3}
rElec   +            x - scarf {rC+ rF+}
rCorr   .            M - +2 pair of gloves {Stlth+}
SInv    .            f - +2 pair of boots {Fly}
Will    +++++        H - amulet "Tatt" {Fragile rElec Regen+ Int+2}
Stlth   ++           E - ring "Afimaoji" {rF+ rC+ rN+ Will+ Int+3}
HPRegen 1.39/turn    F - ring of the Saviour {Fly Will+ MP+9 Int+6}
MPRegen 0.30/turn

%: reflection
@: death-form, flying, studying Stealth
A: vile attack, torment immunity, no potions, reduced essence, (breathe noxious
fumes), AC +13, unfitting armour, stinger 1, poison resistance, cold-blooded,
antennae 1, talons 1, agile 1, dopey 1, strong 1, MP-powered wands
0: Orb of Zot
}: 6/15 runes: barnacled, slimy, silver, golden, abyssal, gossamer
a: Siphon Essence, Begin Untransformation, Renounce Religion, Recall Ancestor,
Ancestor Identity, Transference, Idealise


You escaped.
You worshipped Hepliaklqana.
Hepliaklqana was extremely pleased with you.
You were an undying horror.
You visited 13 branches of the dungeon, and saw 59 of its levels.
You visited Pandemonium 1 time, and saw 1 of its levels.
You visited the Abyss 1 time.
You also visited: Trove, Ossuary, Bailey, Ice Cave and Volcano.

You collected 11109 gold pieces.
You spent 3600 gold pieces at shops.


Innate Abilities, Weirdness & Mutations

You are an undying horror.
Your melee and unarmed attacks drain, slow and weaken victims.
You are immune to unholy pain and torment.
You cannot drink.
Your life essence is reduced to manifest your ancestor. (-10% HP)
((You can breathe blasts of noxious fumes.))
Your lurid green scales are hard. (AC +13)
You cannot fit into any form of body armour.
Your tail ends in a venomous barb.
Your system is resistant to poisons. (rPois)
You are cold-blooded and may be slowed by cold attacks.
You have a pair of small antennae on your head.
You have sharp toenails.
You are agile. (Dex +4, Str/Int -1)
You are dopey. (Int -2)
Your muscles are strong. (Str +4, Int/Dex -1)
You expend magic power (3 MP) to strengthen your wands.


   Skills:
 - Level 25.0 Fighting
 - Level 16.0 Long Blades
 - Level 12.0 Maces & Flails
 + Level 22.3 Dodging
 - Level 12.0 Stealth
 - Level 15.0 Shields
 - Level 10.0 Spellcasting
 - Level 10.0 Conjurations
 - Level 5.0 Hexes
 - Level 10.0 Translocations
 - Level 9.0 Transmutations
 - Level 8.0 Ice Magic
 - Level 8.0 Air Magic
 - Level 8.0 Invocations
 - Level 8.0 Evocations
 - Level 25.1 Shapeshifting


You had 16 spell levels left.
You knew the following spells:

 Your Spells              Type           Power      Damage    Failure   Level
a - Wereblood             Tmut           50%        N/A       1%          2
b - Irradiate             Conj/Tmut      26%        3d20      5%          5
c - Freezing Cloud        Conj/Ice/Air   24%        6-21      9%          5
d - Yara's Violent Unrav  Hex/Tmut       20%        3d9       16%         5
e - Manifold Assault      Tloc           53%        N/A       1%          4
f - Passage of Golubria   Tloc           53%        N/A       1%          4
g - Vhi's Electric Charg  Tloc/Air       100%       N/A       2%          4
h - Apportation           Tloc           100%       N/A       1%          1

Your spell library contained the following spells:

 Spells                   Type           Power      Damage    Failure   Level
 Foxfire                  Conj/Fire      100%       2x1d9     1%          1
 Kiss of Death            Conj/Necr      100%       2d13      1%          1
 Magic Dart               Conj           100%       1d8       1%          1
 Slow                     Hex            100%       N/A       1%          1
 Ensorcelled Hibernation  Hex/Ice        78%        N/A       1%          2
 Jinxbite                 Hex            66%        N/A       1%          2
 Lesser Beckoning         Tloc           100%       N/A       1%          2
 Momentum Strike          Conj/Tloc      100%       3d10      1%          2
 Searing Ray              Conj           100%       2d8       1%          2
 Dazzling Flash           Conj/Hex       88%        N/A       1%          3
 Frozen Ramparts          Ice            92%        1d14      1%          3
 Gell's Gravitas          Tloc           53%        N/A       1%          3
 Hailstorm                Conj/Ice       50%        3d11      1%          3
 Ozocubu's Armour         Ice            46%        N/A       1%          3
 Teleport Other           Tloc           53%        N/A       1%          3
 Iskenderun's Mystic Bla  Conj/Tloc      53%        2d11      1%          4
 Passwall                 Tmut/Erth      25%        N/A       2%          2
 Mephitic Cloud           Conj/Pois/Air  37%        N/A       2%          3
 Confusing Touch          Hex            33%        N/A       3%          3
 Sigil of Binding         Hex            33%        N/A       3%          3
 Stone Arrow              Conj/Erth      66%        3d11      3%          3
 Volatile Blastmotes      Fire/Tloc      66%        2d15      3%          3
 Dimensional Bullseye     Hex/Tloc       22%        N/A       4%          4
 Fulminant Prism          Conj/Hex       22%        3d12      4%          4
 Cigotuvi's Dreadful Rot  Necr/Pois/Air  44%        N/A       5%          2
 Ignite Poison            Fire/Tmut/Pois 24%        N/A       9%          3
 Necrotise                Necr           44%        1d6       10%         1
 Sandblast                Erth           22%        2d7       10%         1
 Inner Flame              Hex/Fire       22%        N/A       11%         3
 Brom's Barrelling Bould  Conj/Erth      33%        2d5       13%         4
 Cause Fear               Hex            16%        N/A       13%         4
 Flame Wave               Conj/Fire      33%        2d10      13%         4
 Sticky Flame             Conj/Fire      33%        2d5       13%         4
 Call Imp                 Summ           22%        N/A       16%         2
 Sublimation of Blood     Necr           11%        N/A       16%         2
 Summon Ice Beast         Ice/Summ       28%        N/A       19%         4
 Dispersal                Tloc           26%        N/A       26%         6
 Call Canine Familiar     Summ           11%        N/A       30%         3
 Vampiric Draining        Necr           11%        2d6       30%         3
 Anguish                  Hex/Necr       11%        N/A       34%         4
 Leda's Liquefaction      Hex/Erth       11%        N/A       34%         4
 Summon Forest            Summ/Tloc      16%        N/A       34%         5
 Alistair's Intoxication  Tmut/Pois      20%        N/A       41%         5
 Animate Dead             Necr           11%        N/A       69%         4
 Dispel Undead            Necr           11%        3d9       69%         4
 Olgreb's Toxic Radiance  Pois           11%        N/A       69%         4
 Summon Mana Viper        Hex/Summ       22%        N/A       69%         5
 Starburst                Conj/Fire      16%        6d6       89%         6
 Eringya's Noxious Bog    Tmut/Pois      15%        4d6       94%         6
 Agony                    Necr           11%        N/A       95%         5
 Borgnjor's Vile Clutch   Necr/Erth      5%         N/A       95%         5
 Lee's Rapid Deconstruct  Erth           5%         3d6*      95%         5
 Plasma Beam              Fire/Air       14%        2x1d25    96%         6
 Simulacrum               Ice/Necr       14%        N/A       96%         6
 Ozocubu's Refrigeration  Ice            23%        4d12      97%         7
 Death Channel            Necr           5%         N/A       100%        6
 Summon Cactus Giant      Summ           5%         N/A       100%        6
 Enfeeble                 Hex            16%        N/A       100%        7
 Haunt                    Necr/Summ      5%         N/A       100%        7
 Malign Gateway           Summ/Tloc      16%        N/A       100%        7
 Discord                  Hex            16%        N/A       100%        8
 Disjunction              Tloc           26%        N/A       100%        8
 Ignition                 Fire           5%         3d4       100%        8
 Infestation              Necr           5%         N/A       100%        8
 Lehudib's Crystal Spear  Conj/Erth      16%        10d5      100%        8
 Maxwell's Capacitive Co  Air            23%        ∞         100%        8
 Summon Horrible Things   Summ           5%         N/A       100%        8
 Dragon's Call            Summ           5%         N/A       100%        9
 Animate Armour           Summ/Erth      Unusable   N/A       N/A         4

Inventory:

Hand Weapons
 a - the +8 autumn katana (weapon) {manifold assault}
   (You bought it in a shop on level 2 of the Orcish Mines)
 b - a +9 double sword of chaos {long}
   (You took it off a deep elf blademaster on level 1 of the Elven Halls)
Armour
 f - a +2 pair of boots of flying (worn)
   (You found it on level 4 of the Spider Nest)
 h - a +2 cloak
   (You found it on level 2 of the Lair of Beasts)
 x - a scarf of resistance (worn)
   (You found it on level 14 of the Dungeon)
 M - a +2 pair of gloves of stealth (worn)
   (You bought it in a shop on level 3 of the Dungeon)
 N - a +2 hat of intelligence (worn)
   (You bought it in a shop on level 1 of the Dungeon)
 Z - a +5 kite shield of reflection (worn)
   (You took it off Donald on level 2 of the Orcish Mines)
Jewellery
 s - a ring of resist corrosion
   (You found it in a treasure trove)
 v - a ring of see invisible
   (You found it on level 2 of the Crypt)
 E - the ring "Afimaoji" (left hand) {rF+ rC+ rN+ Will+ Int+3}
   (You found it on level 3 of the Crypt)

   [ring of positive energy]

   Int+3:     It affects your intelligence (+3).
   rF+:       It protects you from fire.
   rC+:       It protects you from cold.
   rN+:       It protects you from negative energy.
   Will+:     It increases your willpower.
 F - the ring of the Saviour (right hand) {Fly Will+ MP+9 Int+6}
   (You acquired it on level 7 of the Dungeon)

   [ring of intelligence]

   Int+6:     It affects your intelligence (+6).
   Will+:     It increases your willpower.
   MP+9:      It affects your magic capacity (+9).
   Fly:       It grants you flight.
 H - the amulet "Tatt" (around neck) {Fragile rElec Regen+ Int+2}
   (You acquired it on level 2 of the Spider Nest)

   [amulet of regeneration]

   Int+2:     It affects your intelligence (+2).
   rElec:     It insulates you from electricity.
   Regen+:    It increases your rate of health regeneration.
   Fragile:   It will be destroyed if unequipped.
Talismans
 j - a maw talisman
   (You found it on level 6 of the Dungeon)
 X - a talisman of death (active)
   (You found it on level 3 of the Elven Halls)
Wands
 k - a wand of acid (57)
   (You found it on level 3 of the Dungeon)
 o - a wand of digging (7)
   (You found it on level 3 of the Dungeon)
 r - a wand of roots (61)
   (You found it on level 13 of the Dungeon)
 y - a wand of mindburst (38)
   (You found it on level 6 of the Dungeon)
 K - a wand of polymorph (52)
   (You took it off Maurice on level 8 of the Dungeon)
 V - a wand of charming (35)
   (You found it on level 5 of the Lair of Beasts)
Scrolls
 g - 12 scrolls of teleportation {@r4}
 i - 10 scrolls of enchant weapon
 n - 2 scrolls of blinking {!r}
 t - 10 scrolls of fear
 D - 2 scrolls of revelation
 G - 8 scrolls of vulnerability {!r!r}
 I - 2 scrolls of immolation {!r!r}
 L - 8 scrolls of fog
 R - 3 scrolls of enchant armour
 S - 8 scrolls of butterflies
 T - 3 scrolls of silence {!r}
 W - 9 scrolls of poison
Potions
 c - 39 potions of curing {@q1}
 d - 4 potions of lignification {!q}
 e - 7 potions of cancellation
 l - 9 potions of ambrosia
 p - a potion of magic
 u - 9 potions of brilliance
 w - 6 potions of haste {@q3}
 z - 10 potions of mutation {!q}
 A - 13 potions of might
 B - 2 potions of resistance
 C - 5 potions of invisibility
 J - 11 potions of heal wounds {@q2}
 O - 15 potions of enlightenment
Miscellaneous
 m - a phial of floods
   (You found it on level 4 of the Lair of Beasts)
 q - a lightning rod (4/4)
   (You found it on level 3 of the Lair of Beasts)
 P - a sack of spiders
   (You found it on level 14 of the Dungeon)
 Q - a tin of tremorstones (2/2) {throwing}
   (You found it on level 14 of the Dungeon)
 U - a phantom mirror
   (You found it on level 5 of the Lair of Beasts)

Dungeon Overview and Level Annotations

Branches:
Dungeon (15/15)            Temple (1/1) D:4            Lair (5/5) D:9
 Shoals (4/4) Lair:3       Spider (4/4) Lair:3        Slime (5/5) Lair:5
    Orc (2/2) D:9             Elf (3/3) Orc:2        Vaults (5/5) D:14
  Crypt (3/3) Vaults:3       Tomb (3/3) Crypt:3      Depths (4/4) D:15
    Zot (5/5) Depths:4    Ossuary (visited)          Bailey (visited)
  IceCv (visited)         Volcano (visited)

Altars:
Ashenzari
Cheibriados
Dithmenos
Elyvilon
Fedhas
Gozag
Hepliaklqana
Kikubaaqudgha
Makhleb
Nemelex Xobeh
Okawaru
Qazlal
Ru
Sif Muna
Trog
Uskayaw
Vehumet
Wu Jian
Xom
Yredelemnul
Zin
The Shining One
Jiyva

Shops:
D:1 [[[[[   D:2 *   D:3 [*:(   Orc:2 =*(*   Elf:2 *   Vaults:3 =   Vaults:4 ?
Depths:2 :

Portals:
Hell: Depths:1 Depths:2 Depths:3 Depths:4
Abyss: Depths:3
Pandemonium: Depths:2 Depths:4
Ziggurat: Depths:1

Annotations:
D:7 3 runed translucent doors, Xavier147's ghost, novice GrHu
D:15 Roxanne
Lair:1 exclusion: 2 centaurs
Lair:3 exclusion: oklob plant
Elf:2 9 runed translucent doors
Vaults:2 8 runed translucent doors, Ymilidghe's ghost, adept TrGl
Crypt:2 exclusion: 2 royal mummies, Khufu
Tomb:3 3 exclusions
Depths:1 exclusions: eye of devastation, floating eye and 3 more exclusions

.............##...........#......
.#....###...###..###'###..#####..
##..### ##.###...##...##..# #..
#.#.# #.# #...'.###.#..# #).
..#.# #.###...#.#⌠#.#..# #.#
#.#.# ##'##....#.##'.#..# #.#
.##.# ##.....#..##...##..# #..
...)# ##.....##.R#######..# #.#
....###..[......z.........# #.#
..#Z##....................#####.#
.....'.................)........)
..#.##..........###.....>######.#
.##.###.......#..###....## #.#
###.# ##.....###.# ###.## #.#
###.# ##........# #.# #.. ....#
##+.8.8..# #.# ### #####
#..._..## #.# #


You could see the friendly Louis the battlemage (fast).


Message History

Unknown command. 😕 HP[-6] MP[+1]
You take 6 damage, and now have 233/239 hp.
Unknown command.
What level of the Dungeon? (default 1, ? - help)
You swap places.
There is an open door here.
There is an open door here.
A Hell Sentinel comes into view. 😎 HP[+6] MP[+10]
Your hp is fully restored (239).
Your mp is fully restored (46).
The Hell Sentinel moves out of view.
There is a stone staircase leading up here.
You fly upwards.
There is a stone staircase leading down here.
There is a stone staircase leading up here.
You fly upwards.
There is a stone staircase leading down here.
What level of the Dungeon? (default 1, ? - help)
An Orb Guardian comes into view.
Unknown command.
You swap places.
Louis gestures at the Orb Guardian while chanting.
The crystal spear hits the Orb Guardian!!!
You block the Orb Guardian's attack.
You slash the Orb Guardian!
The Orb Guardian decays.
You tail-slap the Orb Guardian, but do no damage.
You block the Orb Guardian's attack.
You slash the Orb Guardian!
The Orb Guardian decays.
Your tail-slap misses the Orb Guardian.
You hit the Orb Guardian but do no damage.
You block the Orb Guardian's attack.
Louis hits the Orb Guardian with a +0 lajatang of freezing!!!
Louis freezes the Orb Guardian.
The Orb Guardian dies!
You feel your strength returning.
No target in view!
No target in view!
You see here a +0 flail {mace}.
Things that are here:
a +0 scale mail; a +0 flail {mace}; a +0 dagger {short} You see here a +0 hand axe {axe}.
There is a stone staircase leading up here.
You fly upwards.
There is a stone staircase leading down here.
There is a stone staircase leading up here.
You fly upwards.
There is a stone staircase leading down here.
You see here a +0 club {mace}.
There is a stone staircase leading up here.
You fly upwards.
There is a stone staircase leading down here.
An Orb Guardian comes into view.
You block the Orb Guardian's attack. The Orb Guardian misses you.
You slash the Orb Guardian!
The Orb Guardian decays.
You hit the Orb Guardian but do no damage.
You tail-slap the Orb Guardian, but do no damage.
The Orb Guardian hits you but does no damage.
Louis gestures wildly while chanting.
Louis seems to speed up.
You slash the Orb Guardian!
The Orb Guardian decays.
You block the Orb Guardian's attack.
You slash the Orb Guardian!
The Orb Guardian decays.
You slice the Orb Guardian!!
The Orb Guardian decays.
The Orb Guardian completely misses you.
You miss the Orb Guardian.
Your tail-slap misses the Orb Guardian.
You slash the Orb Guardian!
The Orb Guardian decays.
The Orb Guardian misses you.
You hit the Orb Guardian.
You kill the Orb Guardian!
No target in view!
No target in view!
An Orb Guardian comes into view.
You block the Orb Guardian's attack.
Louis casts a spell at the Orb Guardian.
The bolt of magma hits the Orb Guardian!!
You block the Orb Guardian's attack.
You completely miss the Orb Guardian.
You tail-slap the Orb Guardian, but do no damage.
The Orb Guardian completely misses you.
You barely miss the Orb Guardian.
You tail-slap the Orb Guardian, but do no damage.
The Orb Guardian misses you.
Louis misses the Orb Guardian.
You miss the Orb Guardian.
Louis hits the Orb Guardian with a +0 lajatang of freezing!!
Louis freezes the Orb Guardian!
You block the Orb Guardian's attack.
You slash the Orb Guardian!
The Orb Guardian decays.
Louis hits the Orb Guardian with a +0 lajatang of freezing!!
Louis freezes the Orb Guardian.
The Orb Guardian dies!
No target in view!
No target in view!
No target in view!
No target in view!
No target in view!
No target in view!
There is an open door here.
There is an open door here.
There is a staircase leading out of the dungeon here.
You have escaped!

Skill      XL: |  1  2  3  4  5  6  7  8  9 10 11 12 13 14 15 16 17 18 19 20 21 22 23 24 25 26 27 |
---------------+----------------------------------------------------------------------------------+-----
Maces & Flails | 4 5 6 7 9 10 12 | 12.0
Fighting       | 4 6 10 11 12 13 14 16 18 20 23 25 | 25.0
Dodging        | 9 10 12 16 17 18 22 | 22.3
Invocations    | 8 |  8.0
Shapeshifting  | 5 10 12 17 21 23 25 | 25.1
Evocations     | 6 8 |  8.0
Shields        | 5 9 10 13 15 | 15.0
Spellcasting   | 6 8 10 | 10.0
Conjurations   | 4 9 10 | 10.0
Transmutations | 4 8 9 |  9.0
Ice Magic      | 6 8 |  8.0
Air Magic      | 6 8 |  8.0
Long Blades    | 7 12 14 16 | 16.0
Hexes          | 5 |  5.0
Stealth        | 4 12 | 12.0
Translocations | 10 | 10.0

Action                     |  1- 3 |  4- 6 |  7- 9 | 10-12 | 13-15 | 16-18 | 19-21 | 22-24 | 25-27 || total
---------------------------+-------+-------+-------+-------+-------+-------+-------+-------+-------++-------
  Melee: Mace              |    48 |       |       |       |       |       |       |       |       ||    48
         Tailslap          |    11 |    19 |    34 |    72 |   218 |   227 |   174 |   291 |   406 ||  1452
         Flail             |    34 |     1 |       |       |       |       |       |       |       ||    35
         Punch             |     1 |     2 |     2 |     5 |       |       |       |       |       ||    10
         Short sword       |       |    52 |       |       |       |       |       |       |       ||    52
         Whip              |       |   133 |   251 |   368 |   995 |   677 |       |       |       ||  2424
         Maw               |       |       |       |     8 |   418 |   466 |   336 |   516 |    37 ||  1781
         Katana            |       |       |       |       |       |   324 |   887 |  1276 |  2532 ||  5019
   Cast: Wereblood         |       |       |       |       |     4 |    12 |    19 |    12 |     1 ||    48
         Irradiate         |       |       |       |       |     1 |    31 |    23 |    37 |     9 ||   101
         Freezing Cloud    |       |       |       |       |       |    76 |    73 |    38 |    10 ||   197
         Yara's Violent Un |       |       |       |       |       |       |    14 |    13 |     9 ||    36
         Manifold Assault  |       |       |       |       |       |       |       |       |   262 ||   262
         Passage of Golubr |       |       |       |       |       |       |       |       |     6 ||     6
         Vhi's Electric Ch |       |       |       |       |       |       |       |       |     2 ||     2
 Invoke: Ancestor Identity |       |       |     1 |       |       |       |       |       |       ||     1
         Recall Ancestor   |       |       |     2 |     2 |     5 |     2 |     2 |     6 |    18 ||    37
         Ancestor Life: Ba |       |       |     1 |       |       |       |       |       |       ||     1
         Transference      |       |       |       |     1 |       |       |     1 |       |       ||     2
         Idealise          |       |       |       |     1 |     1 |     3 |     7 |     9 |    17 ||    38
Ability: Breathe Noxious F |       |       |    13 |    26 |    49 |    37 |     3 |     1 |       ||   129
         Siphon Essence    |       |       |       |       |       |       |       |       |     3 ||     3
  Evoke: Wand              |       |       |     2 |     3 |     7 |     5 |     2 |     1 |     3 ||    23
         Lightning rod     |       |       |       |       |    10 |     8 |     3 |     3 |     4 ||    28
         Tin of tremorston |       |       |       |       |       |     3 |     1 |       |     4 ||     8
         Sack of spiders   |       |       |       |       |       |     1 |     1 |       |     4 ||     6
         Phantom mirror    |       |       |       |       |       |     1 |       |       |     2 ||     3
         Phial of floods   |       |       |       |       |       |       |       |       |     2 ||     2
    Use: Scroll            |     1 |     8 |     6 |    14 |     7 |     8 |     6 |     4 |    35 ||    89
         Potion            |       |       |     3 |     1 |       |     1 |       |     3 |     5 ||    13
   Stab: Sleeping          |     2 |     2 |     3 |     1 |     6 |     5 |     7 |    12 |    13 ||    51
         Confused          |       |       |    12 |    20 |    32 |    26 |       |       |       ||    90
         Distracted        |       |       |     1 |     2 |    18 |    20 |    18 |    33 |    48 ||   140
         Petrified         |       |       |       |       |       |     3 |       |       |       ||     3
         Petrifying        |       |       |       |       |       |     1 |       |       |       ||     1
         Held in net/web   |       |       |       |       |       |       |       |       |     1 ||     1
         Invisible         |       |       |       |       |       |       |       |       |     1 ||     1
 Armour: Skin              |    49 |    52 |    85 |    81 |   278 |   454 |   352 |   360 |   509 ||  2220
  Dodge: Dodged            |    51 |   113 |   226 |   186 |   521 |   756 |   485 |   498 |   754 ||  3590
  Block: Buckler           |       |       |       |       |   184 |   373 |   227 |       |       ||   784
         Reflection        |       |       |       |       |     2 |       |       |    18 |    23 ||    43
         Kite shield       |       |       |       |       |       |       |    13 |   643 |   979 ||  1635
   Form: Maw               |       |       |       |     1 |       |       |       |       |       ||     1
         Death             |       |       |       |       |       |       |       |       |     3 ||     3
                           |       |       |       |       |       |       |       |       |     2 ||     2

Levels and vault maps discovered:
D:1:      minmay_arrival_stone_box, layout_loops_corners,
          chequers_ecumenical_altar_simple, serial_shops, shop,
          nicolae_shop_stone, nicolae_lakefront_shop, nicolae_shop_peninsula,
          nicolae_shop_real_fake_doors, chequers_arboretum
D:2:      layout_rooms, serial_shops, nicolae_shop_tiny_waterfront,
          grunt_decor_mini_mirrors, wander_ebering_terrifying_dragon_lair,
          uniq_sigmund, uniq_jessica
D:3:      layout_basic, serial_shops, shop, shop, shop, shop, minmay_circle_x,
          uniq_crazy_yiuf_cottage
D:4:      layout_loops_ring, nicolae_overflow_quartered_altars, temple_doors_ab,
          chequers_ossuary_entry_cave, minmay_between
D:5:      layout_gridville
D:6:      layout_layer_cave, amcnicky_altar_gilded,
          mainiacjoe_overflow_six_doors_small, kennysheep_generic_room_15,
          uniq_maggie, uniq_blork_the_orc, uniq_menkaure, uniq_jeremiah
D:7:      layout_basic, nicolae_vehumet_radiance, nzn_wu_jian_contemplation,
          ebering_ghost_rock_garden, enter_bailey_2
D:8:      layout_cave_pods, uniq_maurice, uniq_joseph
D:9:      layout_basic, lair_entry_dummy, orc_0_dummy
D:10:     layout_cave_pools, uniq_josephine
D:11:     layout_basic, eino_tiny_chamber, uniq_nergalle
D:12:     layout_small_grid, serial_ice, serial_ice_f, serial_ice_a,
          serial_ice_k, serial_ice_c, enter_trove_3, chequers_avenue,
          minmay_ruined_shrine
D:13:     layout_grid_maze
D:14:     minmay_cut_squares, layout_gridville, david_vaults_2,
          wad_floor_pattern_1
D:15:     grunt_enter_depths_hoard, layout_basic, kiku_gazebo_garden_becter,
          amcnicky_mini_corridor_feature, uniq_louise, uniq_roxanne, uniq_rupert
Temple:   nicolae_temple_bog_church
Lair:1:   layout_long_grid, minivault_23, lemuel_centaur_altar
Lair:2:   layout_regular_city, bobbens_dragon_lair_wall
Lair:3:   layout_small_grid, minmay_shoals_entry_lonely_mermaid,
          nicolae_spider_entry_non_spiders, cheibrodos_lair_caveside_slide
Lair:4:   layout_regular_city, nicolae_volcano_entry_two_sided,
          hellmonk_ghost_happy_afterlife, grunt_megastairs_1
Lair:5:   minmay_lair_end_frog_pond, layout_loops_ring, minmay_slime_entry_eyes,
          basic_altar, uniq_sonja
Shoals:1: layout_shoals, nicolae_shoals_water_elemental_grotto, uniq_mlioglotl
Shoals:2: layout_shoals, nicolae_shoals_elemental_ambush
Shoals:3: dreamdust_from_the_deep, layout_shoals, nicolae_splish_splash
Shoals:4: shoals_end_simple, layout_shoals, shoals_ilsuiw_ice,
          nicolae_shoals_enchanted_isle, uniq_polyphemus
Spider:1: layout_spider_delve, uniq_aizul
Spider:2: layout_spider_delve, nicolae_spider_paper_wasps
Spider:3: layout_spider_delve, portal_ice_cave_entry_ice_simulacra,
          hangedman_spider_tarantella_strand
Spider:4: grunt_spider_rune_parallel, uniq_kirke
Slime:1:  layout_caves
Slime:2:  layout_caves
Slime:3:  layout_caves, nicolae_slime_rock_hall_of_fame
Slime:4:  layout_caves
Slime:5:  slime_pit_nicolae_amoeboid
Orc:1:    layout_diamond_mine
Orc:2:    pubby_orc_utopia, serial_shops, uniq_donald
Elf:1:    eino_elf_arrival_the_gate, layout_geoelf_diagonals,
          kennysheep_underground_church,
          nicolae_elf_double_double_double_trouble
Elf:2:    nicolae_elf_blades_crystal_corner, layout_onion_city, serial_shops,
          nicolae_shop_statue_plus, orc_legates
Elf:3:    minmay_elf_hall_not_hex, layout_geoelf_castle
Vaults:1: vaults_room_door_ring, v_misc_18, st_hourglassy, v_misc_19, v_misc_26,
          nicolae_vaults_sesquioval_fish, nicolae_vaults_six-pack,
          vaults_room_semicircle, hangedman_vaults_restitches, vaults_room_pool,
          v_misc_19, nicolae_vaults_theta, v_misc_22, nicolae_vaults_theta,
          vaults_room_grunt_arrival_ludios, vaults_dpeg_hooks,
          layout_vaults_ring, uniq_nikola, uniq_asterion
Vaults:2: advil_vaults_ghost_lines, nicolae_vaults_little_squares_2,
          vaults_mumra_chevron_long, nicolae_vaults_network_barrier,
          vaults_dpeg_doors, nicolae_vaults_little_squares_5,
          nicolae_vaults_shrinking_rooms_1, nicolae_vaults_variable_pillar_hall,
          nicolae_vaults_surprise_closet_hard, layout_vaults_maze_snakey
Vaults:3: nicolae_vaults_yaktaur_gun_rack, hangedman_vaults_cutoff,
          nicolae_vaults_windows_and_doors_thing, hangedman_vaults_slice,
          nicolae_vaults_storage_closets_2, nicolae_vaults_tetromino_L_2,
          nicolae_vaults_sightless_eye, nicolae_vaults_little_squares_2,
          v_misc_22, v_misc_13, ontoclasm_vaults_loading_screen,
          layout_vaults_omnicross, minmay_crypt_entry_nasty_monster,
          serial_hangedman_research, hangedman_research_thermodynamics,
          serial_shops, shop_fountains
Vaults:4: v_rooms_6, vaults_room_ringed_pool, nicolae_vaults_trapezoid_1,
          nicolae_vaults_house_2, nicolae_vaults_murderbox,
          nicolae_vaults_cochlea, nicolae_vaults_surprise_closet,
          layout_vaults_omnigrid, serial_shops, shop, uniq_norris
Vaults:5: serial_shops, uniq_margery
Crypt:1:  layout_gridlike
Crypt:2:  layout_chaotic_city, uniq_khufu, uniq_bai_suzhen
Crypt:3:  quadcrypt_mu, uniq_xtahua
Tomb:1
Tomb:2
Tomb:3
Depths:1: minmay_expanding_circles, layout_cross, enter_ziggurat_d,
          hangedman_abyss_or_decor_slice, serial_co_window_serial,
          co_window_corner_a, co_window_paths_a, co_window_corner_a,
          co_window_corner_a, co_window_cross_1, co_window_corner_cb,
          co_window_2corner, co_window_cross_3, co_window_paths_d,
          glass_columns_b, glass_columns_c, glass_columns_a, glass_columns_c,
          hell_entry, minmay_misc_feat_doors, drop_trap,
          hellmonk_okawaru_the_only_friend_you_need
Depths:2: minmay_eyes, layout_gridlike, hell_entry, abandoned_shop,
          rand_demon_pan_entry_5, serial_shops, nicolae_book_shop_shelving,
          infiniplex_staircase_pool_2
Depths:3: angbandy_vault, layout_cave_pools, serial_glass, glass_columns_a,
          glass_columns_a, glass_columns_c, glass_columns_b,
          hangedman_coc_ice_floe, kennysheep_cross_bottleneck,
          abyss_entry_crystal, nicolae_dithmenos_the_darkroom
Depths:4: evilmike_zot_entry_diamond, layout_gridlike, hell_entry,
          rand_demon_pan_entry_3, cheibrodos_ashenzari_chains
Zot:1:    layout_onion, lemuel_baited_zot_trap, grunt_ministairs_3, uniq_parghit
Zot:2:    kennysheep_oblong_rooms, layout_misc_corridors
Zot:3:    layout_cathedral_of_symmetry
Zot:4:    layout_gridville
Zot:5:    layout_misc_corridors

Notes
Turn   | Place    | Note
-------+----------+-------------------------------------------
     0 | D:1      | MackTheKnife the Draconian Chaos Knight began the quest for
                  | the Orb.
     0 | D:1      | Reached XP level 1. HP: 19/19 MP: 1/1
     0 | D:1      | magus.rc [v1.9.6]
   130 | D:1      | Found Yvedoupn's Antique Armour Shoppe.
   310 | D:1      | Reached XP level 2. HP: 26/26 MP: 2/2
   551 | D:1      | Found Difeqe's Antique Armour Shoppe.
   701 | D:1      | Found a faded altar of an unknown god.
   720 | D:1      | Prayed at the altar of an unknown god.
   729 | D:1      | Reached skill level 4 in Maces & Flails
   804 | D:1      | Found Iphupiah's Armour Shoppe.
   881 | D:1      | Found Wamoecli's Antique Armour Boutique.
   915 | D:1      | Found Pin Bigg's Antique Armour Shoppe.
  1102 | D:2      | Reached XP level 3. HP: 31/31 MP: 3/3
  1237 | D:2      | Noticed Sigmund
  1364 | D:2      | Noticed Jessica
  1368 | D:2      | XOM: cast spell 'Summon Small Mammal'
  1371 | D:2      | Killed Jessica
  1372 | D:2      | Reached skill level 5 in Maces & Flails
  1372 | D:2      | Reached XP level 4. HP: 38/38 MP: 4/4
  1377 | D:2      | XOM: 1-stop teleportation journey
  1392 | D:2      | XOM is BORED!
  1392 | D:2      | XOM: give mutation
  1392 | D:2      | Gained mutation: You are weak. (Str -2) [Xom's mischief]
  1554 | D:2      | Found Keohun's Assorted Antiques.
  1760 | D:3      | Found Tunuttao's Assorted Antiques.
  1763 | D:3      | Reached skill level 4 in Fighting
  1903 | D:3      | Found Poan Enu's Book Boutique.
  1919 | D:3      | Reached XP level 5. HP: 46/46 MP: 5/5
  2078 | D:2      | Bought an iridescent whip for 157 gold pieces
  2078 | D:2      | Identified the +9 whip "Jurymaerphe" {flame, rC+ Dex+3}
                  | (You bought it in a shop on level 2 of the Dungeon)
  2122 | D:3      | Found Inwug's Antique Armour Boutique.
  2437 | D:3      | Found Cotzed's Antique Weapon Shop.
  2693 | D:3      | Found a runed translucent door.
  2694 | D:3      | Noticed Crazy Yiuf
  2702 | D:3      | Killed Crazy Yiuf
  2740 | D:4      | XOM: summons 3 friendly demons
  2742 | D:4      | Reached skill level 6 in Maces & Flails
  2854 | D:4      | Found a sand-covered staircase.
  2879 | Ossuary  | Entered an ossuary
  2909 | Ossuary  | Reached XP level 6. HP: 51/52 MP: 6/6
  3088 | D:4      | Reached skill level 7 in Maces & Flails
  3210 | D:4      | Your scales start taking on a lurid green colour.
  3210 | D:4      | Reached XP level 7. HP: 48/59 MP: 7/7
  3210 | D:4      | Gained mutation: Your system is resistant to poisons.
                  | (rPois) [Green Draconian growth]
  3222 | D:4      | Found a glowing silver altar of Zin.
  3222 | D:4      | XOM: 3-stop teleportation journey
  3274 | D:4      | Found a shadowy altar of Dithmenos.
  3377 | D:4      | Found a staircase to the Ecumenical Temple.
  3382 | Temple   | Entered the Ecumenical Temple
  3404 | Temple   | Fell from the grace of Xom
  3404 | Temple   | Became a worshipper of Hepliaklqana the Forgotten
  3791 | D:4      | You pick up a book of Necromancy and begin reading...
  3791 | D:4      | You add the spells Necrotise, Vampiric Draining and Agony
                  | to your library.
  3795 | D:4      | Found a burning altar of Makhleb.
  3803 | D:4      | Found a hide-covered altar of Uskayaw.
  3870 | D:5      | Entered Level 5 of the Dungeon
  3938 | D:5      | Reached skill level 8 in Maces & Flails
  4213 | D:5      | Reached * piety under Hepliaklqana
  4403 | D:5      | XOM: summons 11 hostile demons
  4418 | D:6      | XOM: noise
  4466 | D:6      | Reached skill level 9 in Maces & Flails
  4511 | D:6      | XOM: summons 5 hostile demons
  4545 | D:6      | XOM: stat loss: -3 Dex (12/15)
  4715 | D:6      | Noticed Maggie
  4786 | D:6      | Found a shimmering blue altar of Sif Muna.
  4788 | D:6      | XOM: summons 4 hostile demons
  4862 | D:6      | Noticed Menkaure
  4867 | D:6      | Killed Menkaure
  4868 | D:6      | Reached XP level 8. HP: 52/59 MP: 8/8
  4914 | D:6      | Noticed Blork the orc
  4921 | D:6      | Killed Blork the orc
  5000 | D:6      | Noticed Jeremiah
  5013 | D:6      | HP: 9/59 [Jeremiah/divine providence (15)]
  5014 | D:6      | Killed Jeremiah
  5015 | D:6      | Reached skill level 5 in Fighting
  5015 | D:6      | Reached skill level 10 in Maces & Flails
  5051 | D:6      | XOM: give mutations
  5051 | D:6      | Gained mutation: You are clumsy. (Dex -2) [Xom's mischief]
  5051 | D:6      | Gained mutation: You are frail. (-10% HP) [Xom's mischief]
  5051 | D:6      | Gained mutation: You occasionally lose the ability to drink
                  | potions when taking damage. [Xom's mischief]
  5051 | D:6      | Gained mutation: You are dopey. (Int -2) [Xom's mischief]
  5246 | D:6      | Found a basalt altar of Yredelemnul.
  5596 | D:6      | Reached ** piety under Hepliaklqana
  5598 | D:6      | Reached skill level 6 in Fighting
  5599 | D:6      | Remembered your ancestor Louis as a battlemage
  5839 | D:6      | You pick up a book of Displacement and begin reading...
  5839 | D:6      | You add the spells Lesser Beckoning, Gell's Gravitas and
                  | Teleport Other to your library.
  6069 | D:6      | XOM: noise
  6090 | D:6      | Killed Maggie
  6091 | D:6      | Reached XP level 9. HP: 46/62 MP: 9/9
  6264 | D:6      | XOM: draining
  6267 | D:6      | Lost mutation: You are clumsy. (Dex -2) [potion of
                  | mutation]
  6267 | D:6      | Lost mutation: You are frail. (-10% HP) [potion of
                  | mutation]
  6267 | D:6      | Lost mutation: You are weak. (Str -2) [potion of mutation]
  6267 | D:6      | Gained mutation: You have sharp toenails. [potion of
                  | mutation]
  6267 | D:6      | Gained mutation: You have hidden genetic potential. [potion
                  | of mutation]
  6267 | D:6      | Gained mutation: Your muscles are strong. (Str +4, Int/Dex
                  | -1) [potion of mutation]
  6382 | D:7      | Found a runed translucent gate.
  6382 | D:7      | Found a runed translucent gate.
  6382 | D:7      | Found a runed translucent gate.
  6382 | D:7      | Noticed Xavier147's ghost (novice GrHu)
  6397 | D:7      | Reached skill level 11 in Maces & Flails
  6409 | D:7      | Found a radiant altar of Vehumet.
  6509 | D:7      | Reached skill level 7 in Fighting
  6585 | D:7      | Found a flagged portal.
  6590 | Bailey   | Entered a bailey
  6595 | Bailey   | Noticed an orc warlord
  6646 | Bailey   | Found a runed translucent gate.
  6648 | Bailey   | Found a runed translucent gate.
  6650 | Bailey   | Found a runed translucent gate.
  6873 | D:7      | Acquired the ring of the Saviour {Fly Will+ MP+9 Int+6}
  6980 | D:7      | Found an ornate altar of the Wu Jian Council.
  7081 | D:7      | XOM: cloud trail
  7246 | D:7      | XOM: noise
  7310 | D:7      | XOM: give mutations
  7310 | D:7      | Lost mutation: You occasionally lose the ability to drink
                  | potions when taking damage. [Xom's mischief]
  7310 | D:7      | Gained mutation: You are frail. (-10% HP) [Xom's mischief]
  7443 | D:8      | Reached skill level 8 in Fighting
  7548 | D:8      | You pick up a book of Displacement and begin reading...
  7628 | D:8      | Noticed Maurice
  7634 | D:8      | Noticed a deep elf pyromancer
  7635 | D:8      | Killed Maurice
  7648 | D:8      | Killed a deep elf pyromancer
  7649 | D:8      | Reached skill level 9 in Fighting
  7649 | D:8      | Reached skill level 12 in Maces & Flails
  7735 | D:8      | XOM: give mutations
  7735 | D:8      | Lost mutation: You are frail. (-10% HP) [Xom's mischief]
  7735 | D:8      | Gained mutation: You are agile. (Dex +4, Str/Int -1) [Xom's
                  | mischief]
  7735 | D:8      | Lost mutation: You are agile. (Dex +4, Str/Int -1) [Xom's
                  | mischief]
  7792 | D:8      | Reached *** piety under Hepliaklqana
  7843 | D:8      | Noticed Joseph
  7853 | D:8      | Killed Joseph
  7854 | D:8      | Reached skill level 10 in Fighting
  7854 | D:8      | Reached XP level 10. HP: 75/83 MP: 10/10
  7874 | D:8      | XOM: give mutation
  7874 | D:8      | Gained mutation: You expend magic power (3 MP) to
                  | strengthen your wands. [Xom's mischief]
  7875 | D:8      | Gained mutation: You have a pair of small antennae on your
                  | head. [hidden potential]
  8140 | D:3      | Bought a pair of embroidered gloves for 240 gold pieces
  8283 | D:9      | Noticed a two-headed ogre
  8290 | D:9      | Killed a two-headed ogre
  8291 | D:9      | Reached skill level 4 in Dodging
  8375 | D:9      | Noticed a two-headed ogre
  8382 | D:9      | Killed a two-headed ogre
  8383 | D:9      | Reached skill level 5 in Dodging
  8541 | D:9      | XOM: 1-stop teleportation journey
  8561 | D:9      | XOM: 3-stop teleportation journey
  8605 | D:9      | Noticed a two-headed ogre
  8606 | D:9      | Found a staircase to the Orcish Mines.
  8617 | D:9      | Killed a two-headed ogre
  8618 | D:9      | Reached skill level 6 in Dodging
  8663 | D:9      | Found a staircase to the Lair.
  9088 | D:2      | XOM: noise
  9101 | D:2      | Killed Sigmund
  9102 | D:2      | Reached skill level 7 in Dodging
  9144 | D:1      | Bought a +2 hat of intelligence for 294 gold pieces
  9464 | D:9      | Noticed a two-headed ogre
  9469 | D:9      | Killed a two-headed ogre
  9560 | D:10     | Entered Level 10 of the Dungeon
  9560 | D:10     | Noticed a two-headed ogre
  9570 | D:10     | Killed a two-headed ogre
  9571 | D:10     | Reached skill level 8 in Dodging
  9754 | D:10     | Noticed Josephine
  9763 | D:10     | Killed Josephine
  9764 | D:10     | Reached skill level 9 in Dodging
  9764 | D:10     | Reached XP level 11. HP: 89/89 MP: 11/11
  9770 | D:10     | Reached skill level 1 in Invocations
  9783 | D:10     | Reached skill level 2 in Invocations
  9954 | D:10     | XOM: silly message
  9990 | D:10     | Reached skill level 3 in Invocations
 10198 | Lair:1   | Entered Level 1 of the Lair of Beasts
 10203 | Lair:1   | Reached skill level 4 in Invocations
 10219 | Lair:1   | Reached skill level 5 in Invocations
 10232 | Lair:1   | Reached skill level 6 in Invocations
 10327 | Lair:1   | Reached skill level 7 in Invocations
 10430 | Lair:1   | Reached **** piety under Hepliaklqana
 10491 | Lair:1   | Reached skill level 8 in Invocations
 10494 | Lair:1   | Reached skill level 1 in Shapeshifting
 10515 | Lair:1   | Reached skill level 2 in Shapeshifting
 10680 | Lair:1   | Reached skill level 3 in Shapeshifting
 10850 | Lair:1   | Reached skill level 4 in Shapeshifting
 10958 | Lair:1   | Reached skill level 5 in Shapeshifting
 11044 | Lair:1   | Found a sparkling altar of Nemelex Xobeh.
 11357 | Lair:2   | Reached XP level 12. HP: 95/95 MP: 18/18
 11380 | Lair:2   | Reached skill level 6 in Shapeshifting
 11470 | Lair:2   | Reached skill level 7 in Shapeshifting
 11471 | Lair:2   | Gained mutation: You are agile. (Dex +4, Str/Int -1)
                  | [hidden potential]
 11471 | Lair:2   | Lost mutation: You have hidden genetic potential. [hidden
                  | potential expressed]
 11485 | Lair:2   | Noticed a boulder beetle
 11575 | Lair:2   | Killed a boulder beetle
 11576 | Lair:2   | Reached skill level 8 in Shapeshifting
 11703 | Lair:2   | Reached skill level 9 in Shapeshifting
 12082 | Lair:2   | Reached skill level 10 in Shapeshifting
 12150 | Lair:2   | XOM: divination: magic mapping
 12180 | Lair:2   | Noticed a death yak
 12181 | Lair:2   | Noticed a death yak
 12188 | Lair:2   | Killed a death yak
 12196 | Lair:2   | Killed a death yak
 12197 | Lair:2   | Reached skill level 11 in Fighting
 12260 | Lair:2   | XOM: noise
 12682 | Lair:3   | Reached ***** piety under Hepliaklqana
 12730 | Lair:3   | Identified a potion of experience
 12743 | Lair:3   | Reached skill level 6 in Evocations
 12743 | Lair:3   | Reached XP level 13. HP: 104/104 MP: 19/19
 13064 | Lair:3   | Found a hole to the Spider Nest.
 13223 | Lair:3   | Gained mutation: Your tail ends in a venomous barb. [Green
                  | Draconian growth]
 13223 | Lair:3   | Reached XP level 14. HP: 112/112 MP: 20/20
 13258 | Lair:3   | Reached skill level 7 in Evocations
 13265 | Lair:3   | You pick up a book of Displacement and begin reading...
 13686 | Lair:3   | Found a staircase to the Shoals.
 13699 | Lair:3   | Reached skill level 12 in Fighting
 14201 | D:1      | Bought a buckler for 90 gold pieces
 14206 | D:1      | Upgraded the game from 0.31-a0-865-g3d5d91748a to
                  | 0.31-a0-868-g674d60d6f7
 14206 | D:1      | magus.rc [v1.9.6]
 14468 | Lair:4   | XOM: noise
 14480 | Lair:4   | Reached skill level 1 in Shields
 14501 | Lair:4   | Reached skill level 2 in Shields
 14507 | Lair:4   | Found a dark tunnel.
 14519 | Volcano  | Entered a volcano
 14617 | Volcano  | Reached skill level 8 in Evocations
 14664 | Volcano  | Reached skill level 3 in Shields
 14667 | Volcano  | Reached skill level 4 in Shields
 14746 | Volcano  | Found a burning altar of Makhleb.
 14772 | Volcano  | Found a burning altar of Makhleb.
 14852 | Lair:4   | Reached skill level 5 in Shields
 15056 | Lair:4   | Noticed Nelug's ghost (journeyman OpSh)
 15117 | Lair:4   | Found a runed translucent door.
 15262 | Lair:4   | You pick up a book of Debilitation and begin reading...
 15262 | Lair:4   | You add the spells Slow, Sigil of Binding and Confusing
                  | Touch to your library.
 15533 | Lair:4   | Reached skill level 10 in Dodging
 15609 | Lair:5   | Entered Level 5 of the Lair of Beasts
 15630 | Lair:5   | Reached skill level 1 in Spellcasting
 15649 | Lair:5   | Noticed Sonja
 15653 | Lair:5   | Reached skill level 2 in Spellcasting
 15661 | Lair:5   | Killed Sonja
 15694 | Lair:5   | Reached skill level 3 in Spellcasting
 15725 | Lair:5   | Reached skill level 4 in Spellcasting
 15775 | Lair:5   | Reached skill level 5 in Spellcasting
 15874 | Lair:5   | Reached skill level 6 in Spellcasting
 15895 | Lair:5   | Reached skill level 1 in Conjurations
 15898 | Lair:5   | Reached skill level 1 in Transmutations
 15906 | Lair:5   | Reached skill level 2 in Conjurations
 15906 | Lair:5   | Reached skill level 2 in Transmutations
 15928 | Lair:5   | Paralysed by a floating eye for 2 turns
 15929 | Lair:5   | Reached skill level 3 in Conjurations
 15929 | Lair:5   | Reached skill level 3 in Transmutations
 16060 | Lair:5   | Reached skill level 4 in Conjurations
 16060 | Lair:5   | Reached skill level 4 in Transmutations
 16068 | Lair:5   | Was forgiven by Xom
 16141 | Lair:5   | Identified the +10 orcbow of Bloody Death {freeze, Str+3
                  | Stlth+}
 16205 | Lair:5   | Found a stormy altar of Qazlal.
 16338 | Lair:5   | Found a staircase to the Slime Pits.
 16669 | Orc:1    | Entered Level 1 of the Orcish Mines
 16845 | D:3      | Bought a book of Changes for 180 gold pieces
 16845 | D:3      | You pick up a book of Changes and begin reading...
 16845 | D:3      | You add the spells Wereblood and Irradiate to your library.
 16848 | D:3      | Learned a level 2 spell: Wereblood
 16854 | D:3      | Learned a level 5 spell: Irradiate
 17082 | Orc:2    | Entered Level 2 of the Orcish Mines
 17082 | Orc:2    | Noticed Donald
 17095 | Orc:1    | Reached XP level 15. HP: 113/118 MP: 24/24
 17115 | Orc:2    | Killed Donald
 17183 | Orc:2    | Reached ****** piety under Hepliaklqana
 17477 | Orc:2    | Reached skill level 5 in Transmutations
 17517 | Orc:2    | Reached skill level 5 in Conjurations
 18015 | Orc:2    | Found Riobbagukh's Antique Weapon Boutique.
 18028 | Orc:2    | Reached skill level 6 in Conjurations
 18032 | Orc:2    | Reached skill level 6 in Transmutations
 18204 | Orc:2    | Found Aggonn's Assorted Antiques.
 18249 | Orc:2    | Bought a pair of fine boots for 313 gold pieces
 18249 | Orc:2    | Identified the +0 pair of boots of Thoughtfulness {rPois
                  | Int+2} (You bought it in a shop on level 2 of the Orcish
                  | Mines)
 18611 | Orc:2    | Identified the +0 leather armour of the Thinker {rC+ rCorr}
 18656 | Orc:2    | Found a staircase to the Elven Halls.
 18798 | Orc:2    | Found Leuck's Jewellery Shoppe.
 18816 | Orc:2    | Reached skill level 7 in Conjurations
 18816 | Orc:2    | Reached skill level 7 in Transmutations
 18832 | Orc:2    | Bought an amulet of reflection for 390 gold pieces
 18844 | Orc:2    | Found Jigue's General Store.
 19408 | D:11     | Noticed Nergalle
 19417 | D:11     | Killed Nergalle
 20156 | D:11     | You pick up a book of Conjurations {@e2} and begin
                  | reading...
 20156 | D:11     | You add the spells Magic Dart, Searing Ray and Fulminant
                  | Prism to your library.
 20504 | D:12     | Found a portal to a secret trove of treasure.
 20520 | Trove    | Entered a treasure trove
 20525 | Trove    | Identified the ring "Jehear" {Contam MP+9 Str+3 SInv}
 20528 | Trove    | Identified the ring of Nionodil {rPois rN+++ Will- SInv
                  | Stlth+}
 20530 | Trove    | Identified the ring "Huiru" {Fly rElec Str+4 Stlth+}
 20533 | Trove    | Identified the ring "Ypetarea" {Contam rC+ Str+2 Int+4}
 20547 | Trove    | Identified the ring "Tiboedgh" {Fly rC- Str+6 Dex+4}
 20551 | Trove    | Identified the amulet of Lady Luck {rC+ rN+ Regen+}
 20563 | Trove    | Identified the ring of Oronic {Fire *Corrode Fly rElec
                  | Int+2}
 20568 | Trove    | Identified the ring "Udyllu" {Wiz Will++}
 20570 | Trove    | Identified the ring "Hughec" {rF+ Int+3}
 20717 | D:12     | Reached skill level 7 in Spellcasting
 20962 | D:12     | Reached skill level 8 in Conjurations
 20962 | D:12     | Reached skill level 8 in Transmutations
 20981 | D:12     | Found a white marble altar of Elyvilon.
 22209 | D:14     | Found a gate to the Vaults.
 22274 | D:14     | Reached skill level 8 in Spellcasting
 22274 | D:14     | Reached skill level 9 in Conjurations
 22284 | D:14     | Reached XP level 16. HP: 125/125 MP: 28/28
 22301 | D:14     | Reached skill level 9 in Transmutations
 22398 | D:14     | You add the spells Cigotuvi's Dreadful Rot, Ignite Poison
                  | and Freezing Cloud to your library.
 22451 | D:14     | You are sucked into a shaft and drop 1 floor!
 22451 | D:15     | Entered Level 15 of the Dungeon
 22454 | D:15     | Noticed Roxanne
 22975 | D:15     | Reached skill level 10 in Conjurations
 23092 | D:15     | Found an ancient bone altar of Kikubaaqudgha.
 23144 | D:15     | Noticed Rupert
 23159 | D:15     | Killed Rupert
 23160 | D:15     | Reached skill level 1 in Ice Magic
 23160 | D:15     | Reached skill level 1 in Air Magic
 23252 | D:15     | Reached skill level 2 in Ice Magic
 23252 | D:15     | Reached skill level 2 in Air Magic
 23253 | D:15     | Noticed Louise
 23265 | D:15     | Killed Louise
 23317 | D:15     | Learned a level 5 spell: Freezing Cloud
 23535 | D:15     | Reached skill level 3 in Ice Magic
 23535 | D:15     | Reached skill level 3 in Air Magic
 23583 | D:15     | Found a staircase to the Depths.
 24302 | Spider:1 | Entered Level 1 of the Spider Nest
 24432 | Spider:1 | Reached skill level 4 in Ice Magic
 24432 | Spider:1 | Reached skill level 4 in Air Magic
 24444 | Spider:1 | You add the spells Malign Gateway and Summon Horrible
                  | Things to your library.
 24585 | Spider:1 | Noticed Aizul
 24622 | Spider:1 | Reached skill level 5 in Ice Magic
 24622 | Spider:1 | Reached skill level 5 in Air Magic
 24668 | Spider:1 | Killed Aizul
 25129 | Spider:2 | Reached skill level 6 in Ice Magic
 25129 | Spider:2 | Reached skill level 6 in Air Magic
 25283 | Spider:2 | Acquired 1072 gold pieces
 25285 | Spider:2 | Acquired the amulet "Tatt" {Fragile rElec Regen+ Int+2}
 25960 | Spider:2 | You pick up a book of Armaments and begin reading...
 25960 | Spider:2 | You add the spells Stone Arrow and Lehudib's Crystal Spear
                  | to your library.
 26230 | Spider:2 | Reached skill level 11 in Dodging
 26367 | Spider:3 | Found a frozen archway.
 26420 | IceCv    | Entered an ice cave
 26448 | IceCv    | Reached skill level 13 in Fighting
 26609 | IceCv    | Reached skill level 12 in Dodging
 26640 | IceCv    | Reached XP level 17. HP: 135/135 MP: 29/29
 26939 | IceCv    | Reached skill level 13 in Dodging
 26995 | IceCv    | You pick up a book of the Tundra and begin reading...
 26995 | IceCv    | You add the spells Hailstorm, Summon Ice Beast and
                  | Simulacrum to your library.
 27240 | Spider:3 | Reached skill level 14 in Fighting
 27692 | Spider:3 | You pick up a book of the Hunter and begin reading...
 27692 | Spider:3 | You add the spells Call Canine Familiar, Dimensional
                  | Bullseye and Leda's Liquefaction to your library.
 27775 | Spider:3 | Reached skill level 14 in Dodging
 27904 | Spider:4 | Entered Level 4 of the Spider Nest
 27956 | Spider:4 | Reached skill level 1 in Long Blades
 28035 | Spider:4 | Reached skill level 2 in Long Blades
 28294 | Spider:4 | Noticed Kirke
 28301 | Spider:4 | Reached skill level 3 in Long Blades
 28306 | Spider:4 | Killed Kirke
 28492 | Spider:4 | Reached skill level 4 in Long Blades
 28556 | Spider:4 | Reached skill level 15 in Dodging
 28820 | Spider:4 | Reached skill level 5 in Long Blades
 29048 | Spider:4 | Reached skill level 6 in Long Blades
 29207 | Spider:4 | Got a gossamer rune of Zot
 29529 | Orc:2    | Bought the +8 autumn katana {manifold assault} for 1565
                  | gold pieces
 29529 | Orc:2    | Found the +8 autumn katana {manifold assault}
 29733 | Shoals:1 | Entered Level 1 of the Shoals
 29740 | Shoals:1 | Reached skill level 16 in Dodging
 29853 | Shoals:1 | Reached skill level 7 in Long Blades
 29853 | Shoals:1 | Reached XP level 18. HP: 105/144 MP: 23/30
 29978 | Shoals:1 | Noticed Mlioglotl
 29982 | Shoals:1 | Noticed a lich
 29986 | Shoals:1 | Killed Mlioglotl
 30069 | Shoals:1 | Reached skill level 8 in Long Blades
 30207 | Shoals:1 | Reached skill level 9 in Long Blades
 30904 | Shoals:2 | Reached skill level 10 in Long Blades
 30910 | Shoals:2 | Identified the +4 chain mail of Stoicism {Dex+5}
 30976 | Shoals:2 | You pick up a book of Touch and begin reading...
 30976 | Shoals:2 | You add the spells Kiss of Death and Dispel Undead to your
                  | library.
 31329 | Shoals:2 | You pick up a book of the Warp and begin reading...
 31329 | Shoals:2 | You add the spells Manifold Assault, Dispersal and
                  | Disjunction to your library.
 31613 | Shoals:3 | Reached skill level 11 in Long Blades
 32074 | Shoals:3 | You add the spells Anguish and Yara's Violent Unravelling
                  | to your library.
 32074 | Shoals:3 | Got a vibrant book
 32105 | Shoals:3 | Reached skill level 12 in Long Blades
 32118 | Shoals:3 | Identified the ring of Kitsifor {rPois rF+++ Will- Str-4
                  | Int+6}
 32125 | Shoals:3 | Paralysed by you for 3 turns
 32134 | Shoals:3 | Noticed a tentacled monstrosity
 32142 | Shoals:3 | Killed a tentacled monstrosity
 32146 | Shoals:3 | Got a foxed book
 32649 | Shoals:4 | Entered Level 4 of the Shoals
 32730 | Shoals:4 | Noticed Ilsuiw
 32741 | Shoals:4 | Killed Ilsuiw
 32748 | Shoals:4 | Noticed Polyphemus
 32751 | Shoals:4 | Reached skill level 7 in Ice Magic
 32751 | Shoals:4 | Reached skill level 7 in Air Magic
 32766 | Shoals:4 | Killed Polyphemus
 33081 | Shoals:4 | You pick up a book of Hexes and begin reading...
 33081 | Shoals:4 | You add the spells Cause Fear and Enfeeble to your library.
 33220 | Shoals:4 | Reached skill level 8 in Ice Magic
 33220 | Shoals:4 | Reached skill level 8 in Air Magic
 33259 | Shoals:4 | Reached XP level 19. HP: 151/151 MP: 31/31
 33449 | Shoals:4 | Reached skill level 9 in Spellcasting
 33739 | Shoals:4 | You add the spells Ozocubu's Refrigeration and Haunt to
                  | your library.
 33739 | Shoals:4 | Got a blackened book
 33746 | Shoals:4 | Learned a level 5 spell: Yara's Violent Unravelling
 33890 | Shoals:4 | Reached skill level 1 in Hexes
 33929 | Shoals:4 | You pick up a book of Hexes and begin reading...
 33933 | Shoals:4 | You add the spells Alistair's Intoxication, Borgnjor's Vile
                  | Clutch and Eringya's Noxious Bog to your library.
 34018 | Shoals:4 | Reached skill level 2 in Hexes
 34028 | Shoals:4 | Reached skill level 10 in Spellcasting
 34067 | Shoals:4 | Got a barnacled rune of Zot
 34466 | Vaults:1 | Entered Level 1 of the Vaults
 34493 | Vaults:1 | Reached skill level 3 in Hexes
 34605 | Vaults:1 | Reached skill level 4 in Hexes
 34710 | Vaults:1 | Reached skill level 5 in Hexes
 34903 | Vaults:1 | Noticed Asterion
 34908 | Vaults:1 | Killed Asterion
 34972 | Vaults:1 | Reached skill level 15 in Fighting
 35258 | Vaults:1 | Reached skill level 16 in Fighting
 35306 | Vaults:1 | Reached skill level 6 in Shields
 35403 | Vaults:1 | You pick up a book of Flames and begin reading...
 35403 | Vaults:1 | You add the spells Inner Flame, Sticky Flame and Flame Wave
                  | to your library.
 35418 | Vaults:1 | You pick up a book of Decay and begin reading...
 35539 | Vaults:1 | Reached skill level 7 in Shields
 35622 | Vaults:1 | Noticed Nikola
 35632 | Vaults:1 | Killed Nikola
 35808 | Vaults:1 | magus.rc [v1.9.6]
 35844 | Vaults:2 | Reached skill level 8 in Shields
 36061 | Vaults:2 | Reached skill level 9 in Shields
 36207 | Vaults:2 | Reached XP level 20. HP: 149/162 MP: 34/34
 36442 | Vaults:2 | Found a large runed translucent door.
 36442 | Vaults:2 | Found a large runed translucent door.
 36442 | Vaults:2 | Found a large runed translucent door.
 36442 | Vaults:2 | Found a large runed translucent door.
 36442 | Vaults:2 | Found a large runed translucent door.
 36442 | Vaults:2 | Found a large runed translucent door.
 36442 | Vaults:2 | Found a large runed translucent door.
 36442 | Vaults:2 | Found a large runed translucent door.
 36442 | Vaults:2 | Noticed Ymilidghe's ghost (adept TrGl)
 36460 | Vaults:2 | You are sucked into a shaft and drop 2 floors!
 36507 | Vaults:4 | Reached skill level 10 in Shields
 36933 | Vaults:4 | Noticed Norris
 36944 | Vaults:4 | Killed Norris
 37141 | Vaults:4 | Found Epadiros's Magic Scroll Shoppe.
 37148 | Vaults:4 | Bought 2 scrolls of revelation for 210 gold pieces
 37651 | Vaults:4 | You pick up a book of Conjurations {@e2} and begin
                  | reading...
 37807 | Vaults:3 | Reached skill level 17 in Fighting
 37819 | Vaults:3 | You add the spells Ensorcelled Hibernation and Frozen
                  | Ramparts to your library.
 37819 | Vaults:3 | Got a dusty book
 38044 | Vaults:3 | Reached skill level 17 in Dodging
 38053 | Vaults:3 | Found a staircase to the Crypt.
 38053 | Vaults:3 | Noticed a bone dragon
 38063 | Vaults:3 | Killed a bone dragon
 39329 | Vaults:3 | Reached skill level 18 in Fighting
 39483 | Vaults:3 | Found Yziedd's Jewellery Boutique.
 40110 | Elf:1    | Entered Level 1 of the Elven Halls
 40117 | Elf:1    | Reached XP level 21. HP: 175/175 MP: 35/35
 40688 | Elf:1    | Found a huge runed translucent gate.
 40698 | Elf:1    | Found a huge runed translucent gate.
 40698 | Elf:1    | Found a huge runed translucent gate.
 40698 | Elf:1    | Found a huge runed translucent gate.
 40699 | Elf:1    | Found a huge runed translucent gate.
 40699 | Elf:1    | Found a huge runed translucent gate.
 40699 | Elf:1    | Found a huge runed translucent gate.
 40700 | Elf:1    | Found a huge runed translucent gate.
 40811 | Elf:1    | Reached skill level 18 in Dodging
 41060 | Elf:1    | Identified the +1 double sword of the Morning {heavy, rPois
                  | Str-2 Dex+4 Stlth+}
 41226 | Elf:2    | Reached skill level 19 in Fighting
 41487 | Elf:2    | You pick up a book of Minor Magic and begin reading...
 41487 | Elf:2    | You add the spells Call Imp and Mephitic Cloud to your
                  | library.
 41625 | Elf:2    | Found a runed translucent gate.
 41633 | Elf:2    | Found a runed translucent gate.
 41633 | Elf:2    | Found a runed translucent gate.
 41762 | Elf:2    | Identified the +3 scimitar of Past Mistakes {freeze,
                  | Fragile +Blink rElec rPois}
 41987 | Elf:2    | Found a runed translucent gate.
 41987 | Elf:2    | Found a runed translucent gate.
 41987 | Elf:2    | Found a runed translucent gate.
 41987 | Elf:2    | Found a runed translucent gate.
 41987 | Elf:2    | Found a runed translucent gate.
 41990 | Elf:2    | Found a runed translucent gate.
 42059 | Elf:2    | Found Enasagann's General Store.
 42143 | Elf:3    | Entered Level 3 of the Elven Halls
 42151 | Elf:3    | Reached skill level 20 in Fighting
 42203 | Elf:3    | Identified the +9 dagger of Eguem {elec, rElec rC+ Int+3}
 42270 | Elf:3    | Reached skill level 11 in Shields
 42332 | Elf:3    | Reached skill level 12 in Shields
 42514 | Elf:3    | Identified the +2 pearl dragon scales of Sit Rona {rN+
                  | Dex+4}
 42533 | Elf:3    | Identified the ring "Boatsiul" {Will+ Str+3 Int+4}
 42692 | Elf:3    | You pick up a book of Debilitation and begin reading...
 42702 | Elf:3    | Identified the staff "Grim" {rElec rF+ Dex+3 Fire}
 42750 | Elf:3    | You pick up a book of Blasting and begin reading...
 42750 | Elf:3    | You add the spells Volatile Blastmotes and Iskenderun's
                  | Mystic Blast to your library.
 42800 | Elf:3    | Z - the +2 pearl dragon scales of Sit Rona {rN+ Dex+4,
                  | rare=g}
 42898 | Elf:3    | Paralysed by an air elemental for 1 turns
 43085 | Elf:3    | Reached skill level 13 in Shields
 43313 | Elf:3    | You pick up a book of Displacement and begin reading...
 44105 | Depths:1 | Entered Level 1 of the Depths
 44125 | Depths:1 | Reached skill level 1 in Stealth
 44130 | Depths:1 | Reached skill level 2 in Stealth
 44135 | Depths:1 | Reached skill level 3 in Stealth
 44144 | Depths:1 | Reached skill level 4 in Stealth
 44150 | Depths:1 | Reached XP level 22. HP: 170/188 MP: 31/36
 44213 | Depths:1 | Found a gateway to Hell.
 44331 | Depths:1 | Found a runed translucent door.
 44338 | Depths:1 | Reached skill level 5 in Stealth
 44414 | Depths:1 | Found a one-way gateway to a ziggurat.
 44417 | Depths:1 | Paralysed by a floating eye for 4 turns
 44651 | Depths:1 | Reached skill level 14 in Shields
 44652 | Depths:1 | Reached skill level 6 in Stealth
 44816 | Depths:1 | Reached skill level 7 in Stealth
 44989 | Depths:1 | Found an iron altar of Okawaru.
 45304 | Depths:1 | Found a runed translucent door.
 45319 | Depths:1 | Reached skill level 8 in Stealth
 45345 | Depths:1 | Reached skill level 15 in Shields
 45372 | Depths:1 | You pick up a book of Spectacle and begin reading...
 45372 | Depths:1 | You add the spells Dazzling Flash, Starburst and Maxwell's
                  | Capacitive Coupling to your library.
 45409 | Depths:1 | Identified the +3 dagger "Gioxy" {vamp, rF+ Int+3 SInv}
 45549 | Depths:2 | Found a one-way gate leading to the halls of Pandemonium.
 45614 | Depths:2 | Reached skill level 9 in Stealth
 45733 | Depths:2 | Reached skill level 10 in Stealth
 45966 | Depths:2 | Reached skill level 11 in Stealth
 46092 | Depths:2 | Reached skill level 12 in Stealth
 46608 | Depths:2 | Found Dyoryabi's Book Emporium.
 46753 | Depths:3 | Reached skill level 11 in Shapeshifting
 47029 | Depths:3 | Found a one-way gate to the infinite horrors of the Abyss.
 47080 | Depths:3 | Reached skill level 12 in Shapeshifting
 47344 | Depths:3 | Reached XP level 23. HP: 193/193 MP: 37/37
 47349 | Depths:3 | Reached skill level 13 in Shapeshifting
 47382 | Depths:3 | Identified +0 gold dragon scales
 47384 | Depths:3 | +0 gold dragon scales {rare}; a golden dragon corpse
 47402 | Depths:3 | Noticed a caustic shrike
 47413 | Depths:3 | Killed a caustic shrike
 47445 | Depths:3 | Identified +0 gold dragon scales
 47506 | Depths:3 | Noticed a caustic shrike
 47514 | Depths:3 | Killed a caustic shrike
 47587 | Depths:3 | Reached skill level 14 in Shapeshifting
 47871 | Depths:3 | Identified the +0 falchion "Meheoc" {antimagic, Will++}
 47878 | Depths:3 | Identified the ring "Geilie" {+Blink Str+5 Int+6}
 47910 | Depths:3 | +0 storm dragon scales {rare}; a storm dragon corpse
 47944 | Depths:3 | Identified the +0 leather armour of Rotation {*Corrode rN+
                  | Dex+3 Stlth+}
 48172 | Depths:3 | Found a shadowy altar of Dithmenos.
 48346 | Depths:3 | You pick up a book of the Wilderness and begin reading...
 48346 | Depths:3 | You add the spells Summon Forest, Summon Mana Viper and
                  | Summon Cactus Giant to your library.
 48413 | Depths:4 | Entered Level 4 of the Depths
 48541 | Depths:4 | Found a broken altar of Ashenzari.
 48555 | Depths:4 | Reached skill level 15 in Shapeshifting
 48575 | Depths:4 | Noticed a caustic shrike
 48583 | Depths:4 | Killed a caustic shrike
 48599 | Depths:4 | Noticed a caustic shrike
 48606 | Depths:4 | Killed a caustic shrike
 48623 | Depths:4 | Noticed a caustic shrike
 48630 | Depths:4 | Killed a caustic shrike
 48682 | Depths:4 | Found a gate to the Realm of Zot.
 48824 | Depths:4 | You pick up a book of Fire and begin reading...
 48824 | Depths:4 | You add the spells Foxfire and Plasma Beam to your library.
 49139 | Depths:4 | Noticed a juggernaut
 49148 | Depths:4 | Killed a juggernaut
 49149 | Depths:4 | Reached skill level 16 in Shapeshifting
 49743 | Vaults:4 | magus.rc [v1.9.6]
 49746 | Vaults:5 | Entered Level 5 of the Vaults
 49901 | Vaults:5 | Noticed a dread lich
 49906 | Vaults:5 | Reached skill level 17 in Shapeshifting
 49912 | Vaults:5 | Killed a dread lich
 50021 | Vaults:5 | You add the spells Momentum Strike, Vhi's Electric Charge
                  | and Lee's Rapid Deconstruction to your library.
 50021 | Vaults:5 | Got a whispering book
 50038 | Vaults:5 | You pick up a book of Party Tricks and begin reading...
 50038 | Vaults:5 | You add the spells Apportation and Jinxbite to your
                  | library.
 50156 | Vaults:5 | Reached XP level 24. HP: 182/196 MP: 37/37
 50181 | Vaults:5 | Reached skill level 18 in Shapeshifting
 50207 | Vaults:5 | Identified the +3 mace "Acarineslayer" {holy, Fragile rElec
                  | Will++}
 50406 | Vaults:5 | Identified the staff of Watchfulness {rElec Str-5 Int+4
                  | Air}
 50418 | Vaults:5 | Reached skill level 19 in Shapeshifting
 50432 | Vaults:5 | You pick up a book of Geomancy and begin reading...
 50432 | Vaults:5 | You add the spells Sandblast, Passwall and Brom's
                  | Barrelling Boulder to your library.
 50433 | Vaults:5 | Identified the staff of Flawed Execution {*Corrode Int+5
                  | Conj}
 50437 | Vaults:5 | Got a silver rune of Zot
 50707 | Vaults:5 | You pick up a book of Death and begin reading...
 50707 | Vaults:5 | You add the spells Animate Dead and Infestation to your
                  | library.
 50714 | Vaults:5 | Got a sooty book
 50834 | Vaults:5 | Identified the ring "Ankomelu" {Str+4 Int+6}
 51265 | Crypt:1  | Entered Level 1 of the Crypt
 51883 | Crypt:2  | Reached skill level 20 in Shapeshifting
 52231 | Crypt:2  | Noticed Bai Suzhen
 52241 | Crypt:2  | Killed Bai Suzhen
 52409 | Crypt:2  | Noticed a royal mummy
 52410 | Crypt:2  | Noticed Khufu
 52724 | Crypt:2  | Noticed a royal mummy
 52732 | Crypt:3  | Entered Level 3 of the Crypt
 52886 | Crypt:3  | Reached skill level 21 in Shapeshifting
 53148 | Crypt:3  | Noticed a curse skull
 53150 | Crypt:3  | Killed a curse skull
 53167 | Crypt:3  | You pick up a book of Displacement and begin reading...
 53172 | Crypt:3  | Got a faded book
 53258 | Crypt:3  | Noticed Xtahua
 53266 | Crypt:3  | Killed Xtahua
 53537 | Crypt:3  | Reached XP level 25. HP: 207/207 MP: 37/37
 53602 | Crypt:3  | Found a staircase to the Tomb.
 53602 | Crypt:3  | Noticed a dread lich
 53617 | Crypt:3  | Killed a dread lich
 53771 | Crypt:3  | Identified the ring of Fehe Qah {rElec rN+}
 53771 | Crypt:3  | Identified the ring "Afimaoji" {rF+ rC+ rN+ Will+ Int+3}
 53771 | Crypt:3  | Identified the ring of Amikk {*Slow rN+ rCorr Str+4}
 53794 | Crypt:3  | Noticed an ancient lich
 53803 | Crypt:3  | Killed an ancient lich
 53813 | Crypt:3  | You pick up a book of the Warp and begin reading...
 53816 | Crypt:3  | Got a glossy book
 54042 | Crypt:3  | Identified the +11 morningstar of Nerghet {heavy, rPois
                  | Dex+6}
 54066 | Crypt:3  | Noticed an ancient lich
 54071 | Crypt:3  | Killed an ancient lich
 54072 | Crypt:3  | Reached skill level 22 in Shapeshifting
 54790 | Zot:1    | Entered Level 1 of the Realm of Zot
 54856 | Zot:1    | +0 storm dragon scales {rare}; a storm dragon corpse
 54856 | Zot:1    | Noticed a curse toe
 54857 | Zot:1    | HP: 26/197 [purple draconian shifter/bolt of dispelling
                  | energy (35)]
 54860 | Zot:1    | HP: 12/197 [purple draconian shifter/bolt of dispelling
                  | energy (18)]
 55120 | Depths:4 | Killed a curse toe
 55206 | Zot:1    | Identified +7 gold dragon scales
 55206 | Zot:1    | Noticed Parghit
 55217 | Zot:1    | Killed Parghit
 55234 | Zot:1    | Noticed a curse toe
 55239 | Zot:1    | 5 large rocks {=fthrowing}; +7 gold dragon scales {rare}
 55245 | Zot:1    | Killed a curse toe
 55260 | Zot:1    | 5 large rocks {=fthrowing}; +7 gold dragon scales {rare}
 55322 | Zot:1    | Reached skill level 23 in Shapeshifting
 55460 | Zot:1    | Noticed an electric golem
 55487 | Zot:1    | Killed an electric golem
 56109 | Orc:2    | Bought a scroll of brand weapon for 161 gold pieces
 56467 | Zot:1    | magus.rc [v1.9.6]
 56620 | Zot:2    | Noticed a curse toe
 56637 | Zot:2    | Killed a curse toe
 56638 | Zot:2    | Reached skill level 21 in Fighting
 56855 | Zot:2    | Noticed a Killer Klown
 56866 | Zot:2    | Killed a Killer Klown
 56908 | Zot:2    | Identified the +0 dagger "Neqoitea" {flame, rElec rF+
                  | Stlth-}
 57045 | Zot:2    | Reached skill level 13 in Long Blades
 57260 | Zot:3    | Reached skill level 22 in Fighting
 57323 | Zot:3    | Identified +0 gold dragon scales
 57665 | Zot:3    | You pick up a book of Decay and begin reading...
 58102 | Zot:3    | Reached skill level 23 in Fighting
 58102 | Zot:3    | Reached skill level 14 in Long Blades
 58112 | Zot:3    | Reached XP level 26. HP: 225/225 MP: 37/37
 58501 | Zot:4    | Noticed a curse toe
 58524 | Zot:4    | Killed a curse toe
 58716 | Zot:4    | You pick up a book of Displacement and begin reading...
 59741 | Slime:1  | Entered Level 1 of the Pits of Slime
 59773 | Slime:1  | Reached skill level 24 in Fighting
 60294 | Slime:3  | Reached skill level 15 in Long Blades
 60398 | Slime:5  | Entered Level 5 of the Pits of Slime
 60464 | Slime:5  | Found a viscous altar of Jiyva.
 60483 | Slime:5  | Noticed the Royal Jelly
 60550 | Slime:5  | Killed the Royal Jelly
 60682 | Slime:4  | Learned a level 4 spell: Manifold Assault
 60709 | Slime:5  | Reached skill level 1 in Translocations
 60813 | Slime:5  | Identified the +11 short sword "Ogrebane" {flame, rPois
                  | Str+3 Stlth+}
 60824 | Slime:5  | You pick up a book of Hexes and begin reading...
 60853 | Slime:5  | Identified the staff "Koex" {rPois rF+ Fire}
 60867 | Slime:5  | You pick up a book of Misfortune and begin reading...
 60869 | Slime:5  | Got a slimy rune of Zot
 61308 | Depths:3 | Voluntarily entered the Abyss.
 61308 | Abyss:1  | Found a corrupted altar of Lugonu.
 61320 | Abyss:1  | Found a corrupted altar of Lugonu.
 61370 | Abyss:1  | Found a corrupted altar of Lugonu.
 61419 | Abyss:1  | Found a corrupted altar of Lugonu.
 61423 | Abyss:1  | Found a corrupted altar of Lugonu.
 61445 | Abyss:1  | Reached skill level 2 in Translocations
 61603 | Abyss:1  | Found a corrupted altar of Lugonu.
 61603 | Abyss:1  | Found a corrupted altar of Lugonu.
 61603 | Abyss:1  | Found a corrupted altar of Lugonu.
 61715 | Abyss:1  | Reached skill level 3 in Translocations
 61764 | Abyss:1  | Reached skill level 16 in Long Blades
 61786 | Abyss:1  | Found a corrupted altar of Lugonu.
 61808 | Abyss:1  | Reached skill level 4 in Translocations
 61824 | Abyss:1  | Found a corrupted altar of Lugonu.
 61824 | Abyss:1  | Found a corrupted altar of Lugonu.
 62059 | Abyss:1  | Reached skill level 5 in Translocations
 62311 | Abyss:1  | Found a corrupted altar of Lugonu.
 62379 | Abyss:1  | Reached skill level 6 in Translocations
 62749 | Abyss:3  | Reached skill level 7 in Translocations
 62912 | Abyss:3  | Found a corrupted altar of Lugonu.
 62940 | Abyss:3  | Reached skill level 8 in Translocations
 63015 | Abyss:3  | Got an abyssal rune of Zot
 63157 | Abyss:3  | Reached skill level 9 in Translocations
 63159 | Depths:3 | You pass through the gate.
 63159 | Depths:3 | Escaped the Abyss
 63160 | Depths:3 | magus.rc [v1.9.6]
 63166 | Depths:3 | Learned a level 4 spell: Passage of Golubria
 63171 | Depths:3 | Learned a level 4 spell: Vhi's Electric Charge
 63173 | Depths:3 | Learned a level 1 spell: Apportation
 63173 | Depths:3 | magus.rc [v1.9.6]
 63503 | Lair:4   | Killed Nelug's ghost
 63837 | Pan      | Entered Pandemonium
 63907 | Pan      | Noticed Meralyeb the pandemonium lord
 63919 | Pan      | Killed Meralyeb the pandemonium lord
 63920 | Pan      | Reached skill level 25 in Fighting
 63964 | Depths:2 | You pass through the gate.
 63964 | Depths:2 | Escaped Pandemonium
 64511 | Tomb:1   | Entered Level 1 of the Tomb of the Ancients
 64518 | Tomb:1   | Identified the ring "Hutiuhup" {rElec Will+}
 64550 | Tomb:1   | Reached skill level 10 in Translocations
 64557 | Tomb:1   | Reached XP level 27. HP: 189/239 MP: 34/37
 65195 | Tomb:1   | Noticed a royal mummy
 65213 | Tomb:1   | Killed a royal mummy
 65215 | Tomb:1   | Noticed a royal mummy
 65224 | Tomb:1   | Reached skill level 19 in Dodging
 65224 | Tomb:1   | Noticed a royal mummy
 65230 | Tomb:1   | Killed a royal mummy
 65235 | Tomb:1   | Killed a royal mummy
 65237 | Tomb:1   | Noticed a royal mummy
 65242 | Tomb:1   | Killed a royal mummy
 65461 | Tomb:1   | Found the +9 sword of Power {lifebolt}
 65809 | Tomb:1   | magus.rc [v1.9.6]
 65826 | Tomb:2   | Noticed a royal mummy
 65827 | Tomb:2   | Noticed a royal mummy
 65827 | Tomb:2   | Noticed a royal mummy
 65829 | Tomb:2   | Noticed a royal mummy
 65831 | Tomb:2   | Noticed a royal mummy
 65874 | Tomb:2   | Killed a royal mummy
 65878 | Tomb:2   | Killed a royal mummy
 65884 | Tomb:2   | Killed a royal mummy
 65927 | Tomb:2   | HP: 47/239 [royal mummy/divine providence (15)]
 65930 | Tomb:2   | Killed a royal mummy
 65953 | Tomb:2   | HP: 16/239 [revenant/dispel undead (56)]
 65971 | Tomb:2   | Reached skill level 20 in Dodging
 66025 | Tomb:2   | Killed a royal mummy
 66281 | Tomb:2   | You pick up a book of Dreams and begin reading...
 66354 | Tomb:1   | Noticed a royal mummy
 66354 | Tomb:1   | Noticed a royal mummy
 66354 | Tomb:1   | Noticed a royal mummy
 66358 | Tomb:1   | Noticed a royal mummy
 66359 | Tomb:1   | Killed a royal mummy
 66362 | Tomb:1   | Killed a royal mummy
 66363 | Tomb:1   | Killed a royal mummy
 66364 | Tomb:1   | Killed a royal mummy
 66377 | Tomb:1   | Noticed a royal mummy
 66382 | Tomb:1   | Killed a royal mummy
 66385 | Tomb:1   | Noticed a royal mummy
 66390 | Tomb:1   | Killed a royal mummy
 66454 | Tomb:1   | You add the spells Olgreb's Toxic Radiance and Discord to
                  | your library.
 66507 | Tomb:1   | Noticed a royal mummy
 66517 | Tomb:1   | Killed a royal mummy
 66518 | Tomb:1   | Reached skill level 21 in Dodging
 66532 | Tomb:1   | Noticed a royal mummy
 66544 | Tomb:1   | Killed a royal mummy
 67042 | Tomb:1   | Noticed a royal mummy
 67052 | Tomb:1   | Killed a royal mummy
 67053 | Tomb:1   | Noticed a royal mummy
 67066 | Tomb:1   | Killed a royal mummy
 67090 | Tomb:1   | Noticed a royal mummy
 67092 | Tomb:1   | Noticed a royal mummy
 67101 | Tomb:1   | Noticed a royal mummy
 67280 | Tomb:1   | Killed a royal mummy
 67374 | Tomb:1   | Killed a royal mummy
 67514 | Tomb:1   | Killed a royal mummy
 67680 | Tomb:2   | Paralysed by a Zot trap for 4 turns
 68272 | Tomb:2   | magus.rc [v1.9.6]
 68286 | Tomb:2   | magus.rc [v1.9.6]
 68287 | Tomb:3   | Entered Level 3 of the Tomb of the Ancients
 68289 | Tomb:3   | magus.rc [v1.9.6]
 68289 | Tomb:3   | magus.rc [v1.9.6]
 68295 | Tomb:3   | Noticed a royal mummy
 68296 | Tomb:3   | Noticed a royal mummy
 68297 | Tomb:3   | Noticed a royal mummy
 68298 | Tomb:3   | Noticed a royal mummy
 68302 | Tomb:3   | Noticed a royal mummy
 68305 | Tomb:3   | Got a golden rune of Zot
 68326 | Tomb:2   | magus.rc [v1.9.6]
 69055 | Zot:4    | magus.rc [v1.9.6]
 69094 | Zot:5    | Entered Level 5 of the Realm of Zot
 69123 | Zot:5    | Noticed a curse toe
 69130 | Zot:5    | Killed a curse toe
 69131 | Zot:5    | Reached skill level 22 in Dodging
 69290 | Zot:5    | Identified the +4 hand axe of the Middle {spect, Str+4
                  | Int+3}
 69293 | Zot:5    | You pick up a book of Displacement and begin reading...
 69593 | Zot:5    | Noticed a curse toe
 69606 | Zot:5    | Killed a curse toe
 70314 | Zot:5    | Noticed an orb of fire
 70568 | Zot:5    | Noticed a dread lich
 70580 | Zot:5    | Killed a dread lich
 70581 | Zot:5    | Noticed an ancient lich
 70586 | Zot:5    | Killed an ancient lich
 70681 | Zot:5    | Noticed a dread lich
 70690 | Zot:5    | Killed a dread lich
 70720 | Zot:5    | Reached skill level 24 in Shapeshifting
 70851 | Zot:5    | Noticed an electric golem
 70854 | Zot:5    | Noticed an ancient lich
 70858 | Zot:5    | Killed an electric golem
 70873 | Zot:5    | Killed an ancient lich
 70877 | Zot:5    | Noticed an orb of fire
 71090 | Zot:5    | Killed an orb of fire
 71558 | Zot:5    | Noticed an electric golem
 71563 | Zot:5    | Killed an electric golem
 71568 | Zot:5    | Killed an orb of fire
 71568 | Zot:5    | a Killer Klown changed into a caustic shrike
 71568 | Zot:5    | Noticed a caustic shrike
 71569 | Zot:5    | Reached skill level 25 in Shapeshifting
 71570 | Zot:5    | Killed a caustic shrike
 71705 | Zot:5    | Got the Orb of Zot
 72513 | D:$      | Escaped with the Orb!

Vanquished Creatures
  the Royal Jelly (Slime:5)
  An orb of fire (Zot:5)
  An ancient lich (Zot:5)
  A juggernaut (Depths:4)
  7 royal mummies
  A Killer Klown (Zot:5)
  5 caustic shrikes
  2 curse toes
  3 golden dragons
  Nikola (Vaults:1)
  2 bone dragons
  An electric golem (Zot:1)
  A hellephant (Depths:2)
  10 tentacled monstrosities
  A shard shrike skeleton (Crypt:3)
  4 deep elf blademasters
  11 Orb Guardians
  3 liches
  Asterion (Vaults:1)
  4 titans
  11 acid blobs
  6 sphinxes
  5 quicksilver dragons
  8 death cobs
  4 tentacled starspawn (Abyss:3)
  3 ancient champions
  Kirke (Spider:4)
  2 krakens (Shoals:1)
  Ilsuiw (Shoals:4)
  Aizul (Spider:1)
  6 tengu reavers
  Donald (Orc:2)
  A revenant (Tomb:1)
  4 rockslimes (Slime:5)
  A draconian monk (Depths:4)
  6 azure jellies
  9 storm dragons
  6 shadow dragons
  2 draconian knights
  4 emperor scorpions
  2 demonspawn warmongers
  6 fire giants
  6 frost giants
  A ghost moth (Spider:4)
  2 draconian scorchers
  3 iron dragons
  5 deep elf sorcerers
  A caustic shrike zombie (Crypt:3)
  5 vault wardens
  3 draconian shifters
  3 draconian annihilators
  13 ironbound preservers
  A draconian stormcaller (Zot:5)
  4 ghouls (Crypt:2)
  3 reapers
  A broodmother (Spider:3)
  A juggernaut zombie (Crypt:3)
  3 orc warlords
  4 quicksilver oozes
  4 formless jellyfish
  A spriggan defender (Depths:3)
  3 ironbound thunderhulks
  5 vampire knights
  7 stone giants
  A demonspawn blood saint (D:7)
  13 very ugly things
  3 war gargoyles
  An eleionoma (Shoals:4)
  5 green draconians
  7 black draconians
  A caustic shrike skeleton (Crypt:3)
  7 dire elephants
  A bennu (Tomb:2)
  4 eidola
  12 spark wasps
  3 deep elf annihilators (Elf:3)
  5 purple draconians
  3 yellow draconians
  4 deep elf demonologists (Elf:3)
  6 white draconians
  7 red draconians
  23 starcursed masses
  2 blizzard demons
  6 fire dragons
  6 merfolk javelineers (Shoals:4)
  10 ettins
  6 deep elf death magi
  4 entropy weavers
  7 jiangshi
  5 great orbs of eyes
  3 merfolk impalers
  10 yaktaur captains
  9 deep elf high priests
  Josephine (D:10)
  7 mummy priests
  4 hydras
  A rakshasa (Depths:1)
  17 vault guards
  10 ice dragons
  3 spriggan air magi
  2 radroaches (Spider:2)
  An alligator snapping turtle (Shoals:4)
  3 merfolk avatars
  9 centaur warriors
  11 ironbound frosthearts
  A peacekeeper (Vaults:4)
  9 dancing weapons
  3 merfolk aquamancers
  A death knight (Crypt:2)
  6 boulder beetles
  3 satyrs (Shoals:4)
  A spriggan skeleton (Tomb:1)
  A satyr (shapeshifter) (Depths:4)
  A naga warrior (Abyss:3)
  9 two-headed ogres
  23 death scarabs
  A hell hog (Abyss:3)
  2 deep troll shamans (Depths:1)
  3 death yaks
  5 spriggan berserkers
  3 thrashing horrors (Abyss:1)
  2 demonic crawlers
  6 vampire magi
  2 tengu warriors (Depths:1)
  4 deep troll earth magi
  3 orc high priests (Orc:2)
  Nergalle (D:11)
  8 hell knights
  A storm dragon zombie (Crypt:2)
  13 deep elf knights
  Sonja (Lair:5)
  A pharaoh ant (Spider:1)
  A sixfirhy (Pan)
  A fire crab (shapeshifter) (D:14)
  21 skeletal warriors
  8 skysharks
  A titan skeleton (Crypt:2)
  5 iron trolls
  3 wretched stars
  A cherub (D:12)
  13 sea snakes
  A bunyip zombie (Crypt:3)
  2 shadow demons
  A golden dragon zombie (Depths:3)
  5 glowing orange brains
  3 flayed ghosts
  6 orb spiders
  32 deep trolls
  2 steelbarb worms
  18 ironbound convokers
  10 deep elf archers
  6 wizards
  An anaconda skeleton (Crypt:3)
  A harpy (shapeshifter) (D:14)
  3 spriggan simulacra
  16 harpies
  5 phantasmal warriors
  6 necromancers
  13 deep elf zephyrmancers
  6 orc knights
  6 orc sorcerers
  21 deep elf pyromancers
  13 wolf spiders
  A fire giant zombie (Depths:3)
  14 fauns
  A stone giant zombie (Tomb:1)
  A faun (shapeshifter) (D:14)
  13 manticores
  21 moths of wrath
  28 ugly things
  6 cyclopes
  6 elephants
  An iron dragon skeleton (Crypt:1)
  2 apocalypse crabs (Shoals:3)
  Joseph (D:8)
  4 merfolk sirens
  A naga mage (Abyss:3)
  4 vault sentinels
  10 eyes of devastation
  8 water nymphs
  5 black mambas
  2 gargoyles (Crypt:3)
  2 dire elephant zombies
  2 centaur zombies (Crypt:3)
  A dire elephant skeleton (Crypt:3)
  2 orange demons
  4 torpor snails
  16 cane toads
  10 smoke demons
  2 centaur skeletons
  2 naga skeletons
  A death yak zombie (Crypt:2)
  2 kobold demonologists (D:12)
  2 unseen horrors
  17 rime drakes
  2 human zombies
  18 yaktaurs
  Jeremiah (D:6)
  An ice devil (Depths:4)
  7 komodo dragons
  3 tengu conjurers
  18 guardian mummies
  A yellow draconian skeleton (Crypt:1)
  5 red devils
  A catoblepas skeleton (Crypt:1)
  3 freezing wraiths
  3 trolls
  A merfolk (shapeshifter) (Vaults:4)
  3 ancient zymes
  A death drake zombie (Crypt:1)
  13 merfolk
  2 tyrant leeches (Lair:5)
  3 meliai
  3 hellwings
  A wolf spider simulacrum (D:14)
  13 polar bears
  3 wind drakes
  An alligator simulacrum (Spider:3)
  3 hornets
  A raiju (shapeshifter) (D:14)
  18 blink frogs
  5 raiju
  23 tarantellas
  A harpy skeleton (Crypt:3)
  15 large abominations
  2 hydra skeletons
  2 ettin zombies
  A merfolk zombie (Crypt:2)
  A wind drake (shapeshifter) (D:14)
  39 slime creatures
  A boulder beetle zombie (Crypt:2)
  12 dream sheep
  2 snapping turtles
  Sigmund (D:2)
  A satyr skeleton (Crypt:1)
  10 water elementals
  4 flying skulls
  19 jumping spiders
  2 centaur simulacra (D:12)
  A shadow (Crypt:3)
  14 culicivoras
  7 small abominations
  3 ynoxinuls
  A spriggan (Depths:4)
  3 air elementals
  24 yaks
  2 fire bats (Volcano)
  6 wyverns
  13 wraiths
  A hog (Spider:4)
  7 basilisks
  7 golden eyes
  4 steam dragons (Lair:2)
  2 fire elementals
  3 neqoxecs
  22 redbacks
  4 vampire mosquitoes (Lair:5)
  2 catoblepas simulacra
  Menkaure (D:6)
  8 wargs
  3 acid dragons
  9 water moccasins
  A floating eye (Lair:5)
  A floating eye (shapeshifter) (Depths:1)
  4 hell hounds
  38 orc warriors
  A fire dragon simulacrum (Vaults:3)
  An ice beast (D:12)
  A black bear (D:6)
  A boggart (Vaults:1)
  2 sky beasts
  6 wolves
  17 ogres
  9 centaurs
  A phantom (D:6)
  A draconian zombie (Crypt:1)
  4 kobold brigands
  14 bullfrogs
  3 earth elementals
  A gnoll sergeant (D:6)
  A cyclops zombie (Crypt:1)
  3 scorpions (Lair:3)
  A naga simulacrum (Abyss:3)
  A water moccasin zombie (Ossuary)
  A wight (Abyss:1)
  4 lindwurm simulacra (Spider:3)
  4 killer bees
  3 howler monkeys
  4 electric eels
  A human simulacrum (Vaults:4)
  3 lava snakes (Volcano)
  3 quasits (Abyss:1)
  A black bear zombie (Crypt:2)
  2 hounds
  22 orc priests
  Crazy Yiuf (D:3)
  3 iron imps
  Jessica (D:2)
  2 iguanas (D:6)
  15 orc wizards
  4 hell rats (Lair:5)
  2 naga zombies
  23 mummies
  7 gnolls
  8 adders
  2 shadow imps
  7 white imps
  2 ufetubi
  5 adder zombies (Ossuary)
  7 worms
  4 dart slugs
  92 orcs
  A ball python (D:3)
  10 bats
  13 endoplasms
  A giant cockroach (D:4)
  4 gnoll zombies (Ossuary)
  9 goblins
  9 hobgoblins
  2 jackals (D:5)
  4 quokkas
  5 frilled lizards
  8 hobgoblin zombies (Ossuary)
  23 kobolds
  2 kobold zombies (Ossuary)
  5 orc zombies
  6 rats
  A lurking horror (Abyss:3)
  7 starspawn tentacles
  6 tentacles (Shoals:1)
1888 creatures vanquished.

Vanquished Creatures (collateral kills)
  An orb of fire (Zot:5)
  3 ancient liches
  4 dread liches
  A pandemonium lord (Pan)
  15 royal mummies
  Parghit (Zot:1)
  5 Killer Klowns
  Bai Suzhen (Crypt:2)
  4 curse toes
  A caustic shrike (Zot:5)
  Xtahua (Crypt:3)
  3 golden dragons
  Norris (Vaults:4)
  3 bone dragons
  A Brimstone Fiend (Depths:2)
  2 electric golems (Zot:5)
  11 tentacled monstrosities
  A walking earthen tome (Depths:3)
  Rupert (D:15)
  2 deep elf blademasters (Elf:3)
  Mlioglotl (Shoals:1)
  A lich (Crypt:3)
  17 Orb Guardians
  3 quicksilver dragons
  8 sphinxes
  3 titans
  An Executioner (Abyss:1)
  An ancient champion (Crypt:1)
  A kraken (Shoals:3)
  3 tentacled starspawn
  5 acid blobs
  3 death cobs
  Polyphemus (Shoals:4)
  4 shadow dragons
  2 draconian monks
  2 revenants
  6 tengu reavers
  14 storm dragons
  5 fire giants
  5 rockslimes
  6 frost giants
  A demonspawn warmonger (Pan)
  8 azure jellies
  A draconian knight (Zot:5)
  A ghost moth (Spider:4)
  3 deep elf sorcerers (Elf:3)
  Louise (D:15)
  3 draconian scorchers
  A deep elf elementalist (Elf:3)
  A curse skull (Crypt:3)
  7 ironbound preservers
  3 draconian shifters
  9 vault wardens
  3 quicksilver oozes (Slime:5)
  2 reapers
  The ghost of Nelug the Black Belt, a journeyman OpSh of Wu Jian (Lair:4)
  5 war gargoyles
  7 formless jellyfish
  5 stone giants
  4 ironbound thunderhulks
  8 very ugly things
  A green draconian (Zot:3)
  3 vampire knights
  A deep elf demonologist (Elf:3)
  An eleionoma (Shoals:4)
  3 red draconians
  A minotaur (shapeshifter) (Vaults:5)
  4 black draconians
  A lorocyproca (Zot:5)
  7 yellow draconians
  5 purple draconians
  4 deep elf annihilators
  4 dire elephants
  3 bennus (Tomb:2)
  5 spark wasps
  3 white draconians
  An eidolon (Crypt:2)
  2 blizzard demons
  5 ettins
  2 green deaths
  3 jiangshi
  A merfolk javelineer (Shoals:4)
  3 fire dragons
  2 yaktaur captains
  3 deep elf death magi
  A quicksilver dragon zombie (Abyss:1)
  8 mummy priests
  5 entropy weavers
  5 merfolk impalers
  7 deep elf high priests
  4 great orbs of eyes
  An ogre mage (Vaults:5)
  A hydra (D:13)
  3 spriggan air magi
  16 vault guards
  A spriggan skeleton (Crypt:3)
  A catoblepas (Shoals:4)
  A peacekeeper (Vaults:3)
  2 ice dragons
  5 ironbound frosthearts
  3 merfolk avatars (Shoals:4)
  4 merfolk aquamancers
  7 dancing weapons
  3 centaur warriors
  5 two-headed ogres
  An alligator snapping turtle (Shoals:4)
  A deep troll earth mage (Depths:3)
  A satyr (Shoals:2)
  A boulder beetle (D:15)
  12 death scarabs
  3 deep troll shamans
  3 demonic crawlers
  2 death yaks (Shoals:4)
  3 tengu warriors
  A thrashing horror (Abyss:1)
  6 hell knights
  2 spriggan berserkers
  4 vampire magi
  2 orc high priests (Orc:2)
  A soul eater (Pan)
  A shadow wraith (Crypt:2)
  A sun demon (D:13)
  A sun moth (Spider:2)
  A storm dragon zombie (Crypt:3)
  6 deep elf knights
  2 wretched stars
  A storm dragon skeleton (Depths:3)
  A golden dragon zombie (Depths:3)
  14 skeletal warriors
  4 sea snakes
  13 deep trolls
  4 orb spiders (Spider:4)
  8 glowing orange brains
  A flayed ghost (Depths:1)
  2 bog bodies (Crypt:2)
  5 orc knights
  A bunyip skeleton (Crypt:1)
  2 deep elf archers
  11 ironbound convokers
  2 steelbarb worms
  2 necromancers
  A steelbarb worm (shapeshifter) (Depths:4)
  3 phantasmal warriors
  2 orc sorcerers
  14 ugly things
  A wolf spider (shapeshifter) (Vaults:5)
  5 harpies
  2 cyclopes
  3 shining eyes
  A wizard (Vaults:3)
  3 deep elf zephyrmancers
  A sphinx simulacrum (Depths:3)
  A human zombie (Vaults:1)
  10 wolf spiders
  7 manticores
  6 large abominations
  9 deep elf pyromancers
  A cyclops (shapeshifter) (Vaults:5)
  14 moths of wrath
  A shadow dragon skeleton (Crypt:3)
  A stone giant zombie (Vaults:1)
  2 fauns
  4 merfolk sirens
  Maurice (D:8)
  2 ice statues (Vaults:3)
  A centaur zombie (Tomb:2)
  A human skeleton (Vaults:1)
  A naga mage (Vaults:3)
  2 naga zombies
  3 torpor snails
  A black mamba (Lair:4)
  2 water nymphs
  A rust devil (Depths:2)
  3 elephants
  An apocalypse crab (Abyss:1)
  6 vault sentinels
  14 eyes of devastation
  2 gargoyles (Crypt:3)
  5 smoke demons
  A naga skeleton (Crypt:2)
  5 cane toads
  A dire elephant skeleton (Crypt:2)
  Maggie (D:6)
  6 rime drakes
  12 yaktaurs
  A kobold demonologist (Abyss:1)
  3 ice devils
  3 tengu conjurers
  16 guardian mummies
  An anaconda simulacrum (Vaults:3)
  3 tormentors
  A minotaur skeleton (Crypt:2)
  4 trolls
  A hellwing (Abyss:1)
  A polar bear (IceCv)
  A harpy zombie (Tomb:2)
  2 meliai (Spider:3)
  12 merfolk
  A tyrant leech (Lair:5)
  A hornet (D:14)
  3 wind drakes
  4 tarantellas
  3 raiju
  3 snapping turtles
  8 blink frogs
  2 dream sheep
  8 jumping spiders
  6 culicivoras
  9 water elementals
  A shadow (Crypt:3)
  23 slime creatures
  6 flying skulls
  2 vampires (Crypt:3)
  3 wyverns
  4 ushabtiu
  2 fire elementals (Elf:3)
  2 hogs (Spider:4)
  A basilisk (Lair:1)
  13 yaks
  4 starcursed masses
  4 wraiths
  6 golden eyes
  A vampire mosquito (Lair:5)
  3 fire bats (Volcano)
  3 steam dragons (Lair:2)
  A neqoxec (Depths:4)
  13 redbacks
  A glowing shapeshifter zombie (Vaults:4)
  A warg (Orc:2)
  A harpy simulacrum (Vaults:3)
  6 small abominations (Abyss:1)
  A faun zombie (Crypt:2)
  A floating eye (shapeshifter) (Vaults:5)
  2 water moccasins
  An ice beast (D:12)
  9 orc warriors
  4 wolves
  2 ogres (Orc:2)
  2 centaurs
  A manticore skeleton (Crypt:2)
  2 kobold brigands
  2 bullfrogs
  Blork the orc (D:6)
  An earth elemental (Elf:3)
  A scorpion (Lair:3)
  A necrophage (Crypt:2)
  An ogre simulacrum (Vaults:1)
  A gnoll sergeant (D:10)
  4 wights (Abyss:1)
  2 killer bees (D:9)
  A lindwurm simulacrum (Spider:3)
  4 electric eels
  2 lava snakes (Volcano)
  7 orc priests
  An iron imp (Abyss:1)
  5 orc wizards
  4 troll simulacra (Vaults:3)
  16 mummies
  A gnoll (D:10)
  A naga simulacrum (Vaults:3)
  A swamp drake skeleton (Crypt:2)
  2 white imps
  An ufetubus (Abyss:1)
  A worm (Lair:3)
  35 orcs
  A gnoll zombie (Crypt:2)
  A goblin (Bailey)
  A jackal (D:5)
  8 kobolds
  A spectral weapon (Zot:5)
  A starspawn tentacle (Abyss:2)
  A tentacle (Shoals:1)
1002 creatures vanquished.

Vanquished Creatures (others)
  A fire dragon (Depths:4)
  A boulder beetle (Lair:2)
  A moth of wrath (Zot:4)
  A jumping spider (Spider:3)
  A culicivora (Spider:4)
  A spriggan (Depths:4)
  43 battlemagi
  A scorpion (Lair:3)
  2 electric eels
  An orc priest (Orc:2)
  An adder (D:4)
  16 starspawn tentacles
  3 tentacles (Shoals:1)
73 creatures vanquished.

Grand Total: 2963 creatures vanquished

Table legend:
 A = Non-vault XP
 B = Vault XP
 C = Vault XP percentage of total XP
 D = Non-vault monster count
 E = Vault monster count
 F = Vault count percentage of total count
                 A         B        C        D         E       F
            +---------+---------+-------+---------+---------+-------
      Total |  883284 |  873691 |  49.7 |    1658 |    1180 |  41.6
            +---------+---------+-------+---------+---------+-------
        D:1 |      32 |       0 |   0.0 |      19 |       0 |   0.0
        D:2 |      62 |     284 |  82.1 |      18 |       7 |  28.0
        D:3 |     101 |      41 |  28.9 |      31 |       2 |   6.1
        D:4 |     358 |       5 |   1.4 |      25 |       3 |  10.7
        D:5 |     337 |       0 |   0.0 |      16 |       0 |   0.0
        D:6 |     760 |    1023 |  57.4 |      20 |       5 |  20.0
        D:7 |     629 |       0 |   0.0 |      26 |       0 |   0.0
        D:8 |     746 |     951 |  56.0 |       5 |       2 |  28.6
        D:9 |    3780 |       0 |   0.0 |      21 |       0 |   0.0
       D:10 |    1748 |    1916 |  52.3 |      12 |       6 |  33.3
       D:11 |    3660 |     781 |  17.6 |      15 |       1 |   6.2
       D:12 |    3814 |    4183 |  52.3 |      26 |      15 |  36.6
       D:13 |    9346 |       0 |   0.0 |      20 |       0 |   0.0
       D:14 |    4508 |    4829 |  51.7 |       8 |      10 |  55.6
       D:15 |    7972 |    4770 |  37.4 |      16 |       4 |  20.0
     Lair:1 |    8188 |       0 |   0.0 |      34 |       0 |   0.0
     Lair:2 |    9810 |    5532 |  36.1 |      34 |      18 |  34.6
     Lair:3 |    5037 |     889 |  15.0 |      17 |       9 |  34.6
     Lair:4 |    6759 |    3276 |  32.6 |      29 |       5 |  14.7
     Lair:5 |   11504 |   10536 |  47.8 |      37 |      39 |  51.3
   Shoals:1 |   21957 |    2557 |  10.4 |      36 |       5 |  12.2
   Shoals:2 |   15444 |    1745 |  10.2 |      28 |       8 |  22.2
   Shoals:3 |    9307 |   13009 |  58.3 |      24 |      15 |  38.5
   Shoals:4 |    9917 |   43917 |  81.6 |      18 |      69 |  79.3
   Spider:1 |   16116 |    1402 |   8.0 |      46 |       1 |   2.1
   Spider:2 |   10344 |    2287 |  18.1 |      22 |       3 |  12.0
   Spider:3 |   17449 |    2158 |  11.0 |      35 |       9 |  20.5
   Spider:4 |   20719 |   16881 |  44.9 |      55 |      36 |  39.6
    Slime:1 |    6535 |       0 |   0.0 |       8 |       0 |   0.0
    Slime:2 |    7415 |       0 |   0.0 |      10 |       0 |   0.0
    Slime:3 |    5502 |       0 |   0.0 |      19 |       0 |   0.0
    Slime:4 |   12786 |       0 |   0.0 |      23 |       0 |   0.0
    Slime:5 |    9717 |   24581 |  71.7 |      16 |      17 |  51.5
      Orc:1 |    2683 |     281 |   9.5 |      25 |       3 |  10.7
      Orc:2 |       0 |   22053 | 100.0 |       0 |     152 | 100.0
      Elf:1 |   13912 |    9683 |  41.0 |      21 |      12 |  36.4
      Elf:2 |    7615 |   19216 |  71.6 |      12 |      33 |  73.3
      Elf:3 |   26078 |   32793 |  55.7 |      46 |      30 |  39.5
   Vaults:1 |   28833 |   26850 |  48.2 |      42 |      34 |  44.7
   Vaults:2 |   25408 |    5925 |  18.9 |      34 |       6 |  15.0
   Vaults:3 |   35055 |   23191 |  39.8 |      49 |      34 |  41.0
   Vaults:4 |   20960 |   15666 |  42.8 |      30 |      20 |  40.0
   Vaults:5 |   23175 |   98681 |  81.0 |      37 |      85 |  69.7
    Crypt:1 |   21845 |       0 |   0.0 |      35 |       0 |   0.0
    Crypt:2 |   32962 |    2987 |   8.3 |      52 |       1 |   1.9
    Crypt:3 |       0 |   69906 | 100.0 |       0 |      82 | 100.0
     Tomb:1 |    9863 |   92044 |  90.3 |      27 |      58 |  68.2
     Tomb:2 |   10731 |   52091 |  82.9 |      30 |      68 |  69.4
     Tomb:3 |     228 |      18 |   7.3 |       1 |       1 |  50.0
   Depths:1 |   34796 |   27192 |  43.9 |      42 |      27 |  39.1
   Depths:2 |   31991 |   15553 |  32.7 |      35 |      32 |  47.8
   Depths:3 |   35572 |   48090 |  57.5 |      40 |      35 |  46.7
   Depths:4 |   35980 |   13266 |  26.9 |      31 |      15 |  32.6
      Zot:1 |   40352 |    5583 |  12.2 |      34 |       3 |   8.1
      Zot:2 |   30962 |   10669 |  25.6 |      27 |       7 |  20.6
      Zot:3 |   45945 |       0 |   0.0 |      39 |       0 |   0.0
      Zot:4 |   26736 |       0 |   0.0 |      24 |       0 |   0.0
      Zot:5 |   33389 |   94571 |  73.9 |      28 |      40 |  58.8
    Abyss:1 |   34538 |       0 |   0.0 |      82 |       0 |   0.0
    Abyss:2 |    5886 |       0 |   0.0 |      10 |       0 |   0.0
    Abyss:3 |   16816 |    6303 |  27.3 |      46 |       8 |  14.8
        Pan |    8614 |    5212 |  37.7 |      10 |       3 |  23.1
    Ossuary |       0 |     164 | 100.0 |       0 |      26 | 100.0
     Bailey |       0 |     438 | 100.0 |       0 |      19 | 100.0
      IceCv |       0 |   23673 | 100.0 |       0 |      40 | 100.0
    Volcano |       0 |    4039 | 100.0 |       0 |      17 | 100.0
            +---------+---------+-------+---------+---------+-------

Skill      XL: |  1  2  3  4  5  6  7  8  9 10 11 12 13 14 15 16 17 18 19 20 21 22 23 24 25 26 27 |
---------------+----------------------------------------------------------------------------------+-----
Maces & Flails | 4 5 6 7 9 10 12 | 12.0
Fighting       | 4 6 10 11 12 13 14 16 18 20 23 25 | 25.0
Dodging        | 9 10 12 16 17 18 22 | 22.3
Invocations    | 8 |  8.0
Shapeshifting  | 5 10 12 17 21 23 25 | 25.1
Evocations     | 6 8 |  8.0
Shields        | 5 9 10 13 15 | 15.0
Spellcasting   | 6 8 10 | 10.0
Conjurations   | 4 9 10 | 10.0
Transmutations | 4 8 9 |  9.0
Ice Magic      | 6 8 |  8.0
Air Magic      | 6 8 |  8.0
Long Blades    | 7 12 14 16 | 16.0
Hexes          | 5 |  5.0
Stealth        | 4 12 | 12.0
Translocations | 10 | 10.0

Action                     |  1- 3 |  4- 6 |  7- 9 | 10-12 | 13-15 | 16-18 | 19-21 | 22-24 | 25-27 || total
---------------------------+-------+-------+-------+-------+-------+-------+-------+-------+-------++-------
  Melee: Mace              |    48 |       |       |       |       |       |       |       |       ||    48
         Tailslap          |    11 |    19 |    34 |    72 |   218 |   227 |   174 |   291 |   406 ||  1452
         Flail             |    34 |     1 |       |       |       |       |       |       |       ||    35
         Punch             |     1 |     2 |     2 |     5 |       |       |       |       |       ||    10
         Short sword       |       |    52 |       |       |       |       |       |       |       ||    52
         Whip              |       |   133 |   251 |   368 |   995 |   677 |       |       |       ||  2424
         Maw               |       |       |       |     8 |   418 |   466 |   336 |   516 |    37 ||  1781
         Katana            |       |       |       |       |       |   324 |   887 |  1276 |  2532 ||  5019
   Cast: Wereblood         |       |       |       |       |     4 |    12 |    19 |    12 |     1 ||    48
         Irradiate         |       |       |       |       |     1 |    31 |    23 |    37 |     9 ||   101
         Freezing Cloud    |       |       |       |       |       |    76 |    73 |    38 |    10 ||   197
         Yara's Violent Un |       |       |       |       |       |       |    14 |    13 |     9 ||    36
         Manifold Assault  |       |       |       |       |       |       |       |       |   262 ||   262
         Passage of Golubr |       |       |       |       |       |       |       |       |     6 ||     6
         Vhi's Electric Ch |       |       |       |       |       |       |       |       |     2 ||     2
 Invoke: Ancestor Identity |       |       |     1 |       |       |       |       |       |       ||     1
         Recall Ancestor   |       |       |     2 |     2 |     5 |     2 |     2 |     6 |    18 ||    37
         Ancestor Life: Ba |       |       |     1 |       |       |       |       |       |       ||     1
         Transference      |       |       |       |     1 |       |       |     1 |       |       ||     2
         Idealise          |       |       |       |     1 |     1 |     3 |     7 |     9 |    17 ||    38
Ability: Breathe Noxious F |       |       |    13 |    26 |    49 |    37 |     3 |     1 |       ||   129
         Siphon Essence    |       |       |       |       |       |       |       |       |     3 ||     3
  Evoke: Wand              |       |       |     2 |     3 |     7 |     5 |     2 |     1 |     3 ||    23
         Lightning rod     |       |       |       |       |    10 |     8 |     3 |     3 |     4 ||    28
         Tin of tremorston |       |       |       |       |       |     3 |     1 |       |     4 ||     8
         Sack of spiders   |       |       |       |       |       |     1 |     1 |       |     4 ||     6
         Phantom mirror    |       |       |       |       |       |     1 |       |       |     2 ||     3
         Phial of floods   |       |       |       |       |       |       |       |       |     2 ||     2
    Use: Scroll            |     1 |     8 |     6 |    14 |     7 |     8 |     6 |     4 |    35 ||    89
         Potion            |       |       |     3 |     1 |       |     1 |       |     3 |     5 ||    13
   Stab: Sleeping          |     2 |     2 |     3 |     1 |     6 |     5 |     7 |    12 |    13 ||    51
         Confused          |       |       |    12 |    20 |    32 |    26 |       |       |       ||    90
         Distracted        |       |       |     1 |     2 |    18 |    20 |    18 |    33 |    48 ||   140
         Petrified         |       |       |       |       |       |     3 |       |       |       ||     3
         Petrifying        |       |       |       |       |       |     1 |       |       |       ||     1
         Held in net/web   |       |       |       |       |       |       |       |       |     1 ||     1
         Invisible         |       |       |       |       |       |       |       |       |     1 ||     1
 Armour: Skin              |    49 |    52 |    85 |    81 |   278 |   454 |   352 |   360 |   509 ||  2220
  Dodge: Dodged            |    51 |   113 |   226 |   186 |   521 |   756 |   485 |   498 |   754 ||  3590
  Block: Buckler           |       |       |       |       |   184 |   373 |   227 |       |       ||   784
         Reflection        |       |       |       |       |     2 |       |       |    18 |    23 ||    43
         Kite shield       |       |       |       |       |       |       |    13 |   643 |   979 ||  1635
   Form: Maw               |       |       |       |     1 |       |       |       |       |       ||     1
         Death             |       |       |       |       |       |       |       |       |     3 ||     3
                           |       |       |       |       |       |       |       |       |     2 ||     2

Illustrated notes

Table legend:
 A = Kills in this place as a percentage of kills in the entire game.
 B = Kills by you in this place as a percentage of kills by you in the entire game.
 C = Kills by friends in this place as a percentage of kills by friends in the entire game.
 D = Other kills in this place as a percentage of other kills in the entire game.
 E = Experience gained in this place as a percentage of experience gained in the entire game.
 F = Experience gained in this place divided by the number of levels of this place that you have seen.
                   A       B       C       D       E      F
               +-------+-------+-------+-------+-------+----------------------
         Total | 100.0 | 100.0 | 100.0 | 100.0 | 100.0 | 26138.3
       Dungeon |  12.0 |  15.2 |   5.8 |  24.1 |   3.8 | 4544.3
          Lair |   7.8 |   8.6 |   5.7 |  24.1 |   3.5 | 12306.2
        Shoals |   7.1 |   7.0 |   7.5 |   0.0 |   6.6 | 29463.2
   Spider Nest |   7.2 |   7.2 |   6.7 |  31.0 |   4.9 | 21839.0
    Slime Pits |   3.3 |   2.4 |   5.0 |   0.0 |   3.7 | 13307.2
  Orcish Mines |   6.3 |   7.1 |   4.8 |  10.3 |   1.4 | 12508.5
   Elven Halls |   5.4 |   5.8 |   4.9 |   0.0 |   6.1 | 36432.3
        Vaults |  13.0 |  11.6 |  16.0 |   0.0 |  17.1 | 60748.8
         Crypt |   5.9 |   5.6 |   6.7 |   0.0 |   7.2 | 42566.7
          Tomb |   6.5 |   5.1 |   9.2 |   0.0 |   9.3 | 54991.7
        Depths |   9.1 |   8.7 |   9.8 |   6.9 |  13.9 | 61900.0
           Zot |   7.3 |   5.6 |  10.6 |   3.4 |  16.4 | 58389.4
         Abyss |   5.1 |   5.5 |   4.5 |   0.0 |   3.6 | 21181.0
   Pandemonium |   0.5 |   0.3 |   0.8 |   0.0 |   0.8 | 13826.0
       Ossuary |   0.9 |   1.4 |   0.0 |   0.0 |   0.0 | 164.0
        Bailey |   0.7 |   0.5 |   0.9 |   0.0 |   0.0 | 438.0
      Ice Cave |   1.4 |   1.7 |   0.8 |   0.0 |   1.3 | 23673.0
       Volcano |   0.6 |   0.7 |   0.5 |   0.0 |   0.2 | 4039.0
               +-------+-------+-------+-------+-------+----------------------

Table legend: (Time is in decaauts)
 A = Elapsed time spent in this place.
 B = Non-inter-level travel time spent in this place.
 C = Inter-level travel time spent in this place.
 D = Time resting spent in this place.
 E = Time spent auto-exploring this place.
 F = Levels seen in this place.
 G = Mean time per level.
                   A        B        C        D        E       F      G
               +--------+--------+--------+--------+--------+-----+--------+
         Total |  70470 |  60087 |  10383 |   5558 |  39897 |  68 | 1036.3 |
       Dungeon |  17791 |  13287 |   4504 |    859 |  10006 |  15 | 1186.1 |
        Temple |     44 |      1 |     43 |      0 |      0 |   1 |   44.0 |
          Lair |   6637 |   5215 |   1422 |    261 |   3951 |   5 | 1327.4 |
        Shoals |   4429 |   4248 |    181 |    332 |   3015 |   4 | 1107.2 |
   Spider Nest |   3746 |   3573 |    173 |    333 |   2301 |   4 |  936.5 |
    Slime Pits |    678 |    608 |     70 |     75 |     63 |   5 |  135.6 |
  Orcish Mines |   2694 |   2042 |    652 |     82 |   1380 |   2 | 1347.0 |
   Elven Halls |   3631 |   3504 |    127 |    369 |   2502 |   3 | 1210.3 |
        Vaults |   6900 |   6361 |    539 |    316 |   4507 |   5 | 1380.0 |
         Crypt |   3523 |   3038 |    485 |    133 |   2113 |   3 | 1174.3 |
          Tomb |   3990 |   3611 |    379 |    852 |   1892 |   3 | 1330.0 |
        Depths |   6760 |   5627 |   1133 |    858 |   3465 |   4 | 1690.0 |
           Zot |   6292 |   5624 |    668 |    868 |   3255 |   5 | 1258.4 |
         Abyss |   1729 |   1729 |      0 |     30 |    882 |   3 |  576.3 |
   Pandemonium |    115 |    115 |      0 |     16 |     44 |   1 |  115.0 |
         Trove |     72 |     72 |      0 |      0 |      0 |   1 |   72.0 |
       Ossuary |    149 |    149 |      0 |      0 |     77 |   1 |  149.0 |
        Bailey |    275 |    275 |      0 |      0 |    118 |   1 |  275.0 |
      Ice Cave |    713 |    713 |      0 |    116 |    326 |   1 |  713.0 |
       Volcano |    291 |    291 |      0 |     57 |      0 |   1 |  291.0 |
               +--------+--------+--------+--------+--------+-----+--------+

Top non-repeatable levels by time:
  Tomb:1: 2860 daAuts
   Zot:5: 2606 daAuts
     D:6: 2341 daAuts
   Orc:2: 2237 daAuts
 Crypt:3: 2043 daAuts
    D:15: 2010 daAuts
Depths:2: 1922 daAuts
Depths:1: 1751 daAuts
Depths:3: 1709 daAuts
  Lair:3: 1687 daAuts
   Elf:3: 1585 daAuts
     D:9: 1569 daAuts
Vaults:3: 1569 daAuts
  Lair:2: 1525 daAuts
  Lair:1: 1514 daAuts
